Workbook
Name _Fill: #REF!
Name _Fill: #REF!
Name _Fill: #REF!
Name _Key1: #REF!
Name _Key1: #REF!
Name _Key1: #REF!
Name _Key2: #REF!
Name _Key2: #REF!
Name _Sort: #REF!
Name _Sort: #REF!
Name _Table1_In1: #REF!
Name _Table1_Out: #REF!
Name _Table2_In1: #REF!
Name _Table2_In2: #REF!
Name _Table2_Out: #REF!
Name A: #REF!
Name AA: #REF!
Name AAA: #REF!
Name asa: #REF!
Name b: #REF!
Name Cash: #REF!
Name Data: '[1]P-FIS'!$A$13:$G$58
Name Database_MI: #REF!
Name Database_MI: #REF!
Name IQ_CH: 110000
Name IQ_CQ: 5000
Name IQ_CY: 10000
Name IQ_DAILY: 500000
Name IQ_FH: 100000
Name IQ_FQ: 500
Name IQ_FY: 1000
Name IQ_LTM: 2000
Name IQ_MONTH: 15000
Name IQ_NTM: 6000
Name IQ_WEEK: 50000
Name IQ_YTD: 3000
Name JUDULNOTE: #REF!
Name kas: '[2]P-FIS'!$E$12:$Y$58
Name LAMP: #REF!
Name LAMP: #REF!
Name LAMP: #REF!
Name LR: #REF!
Name LR: #REF!
Name MMM: #REF!
Name MMM: #REF!
Name NAME: #REF!
Name NN: #REF!
Name NOTE: #REF!
Name NRC: #REF!
Name PRINT_AREA_MI: #REF!
Name Print_Area2: #REF!
Name PRINT_TITLES_MI: #REF!
Name saja: #REF!
Name sda: #REF!
Name V: #REF!
Name XPC: #REF!
Name XPC.: #REF!
Name XPCLR: #REF!
Name yuny: #REF!

Sheet Assumptions
A1: All figures in INR wherever applicable
A2: Assumptions | D2: 1 | E2: =D2+1 -> 2 | F2: =E2+1 -> 3 | G2: =F2+1 -> 4 | H2: =G2+1 -> 5 | I2: =H2+1 -> 6 | J2: =I2+1 -> 7 | K2: =J2+1 -> 8 | L2: =K2+1 -> 9 | ... BK2: =BJ2+1 -> 60 | BN2: 1 | BO2: =BN2+1 -> 2 | BP2: =BO2+1 -> 3 | BQ2: =BP2+1 -> 4 | BR2: =BQ2+1 -> 5
A4: Particulars | B4: Unit | C4: Input
A6: General
A7: Months in an year | B7: # | C7: 12 | F7: 18 months tenure
A10: Revenue
A12: Product sales
A14: No. of Branches | B14: # | D14: =ROUNDUP($BN$14/12,0) -> 2 | E14: =ROUNDUP($BN$14/12,0) -> 2 | F14: =ROUNDUP($BN$14/12,0) -> 2 | G14: =ROUNDUP($BN$14/12,0) -> 2 | H14: =ROUNDUP($BN$14/12,0) -> 2 | I14: =ROUNDUP($BN$14/12,0) -> 2 | J14: =ROUNDUP($BN$14/12,0) -> 2 | K14: =ROUNDUP($BN$14/12,0) -> 2 | ... O14: =ROUNDUP($BN$14/12,0) -> 2 | P14: =ROUNDUP($BO$14/12,0) -> 3 | Q14: =ROUNDUP($BO$14/12,0) -> 3 | R14: =ROUNDUP($BO$14/12,0) -> 3 | S14: =ROUNDUP($BO$14/12,0) -> 3 | T14: =ROUNDUP($BO$14/12,0) -> 3 | U14: =ROUNDUP($BO$14/12,0) -> 3 | V14: =ROUNDUP($BO$14/12,0) -> 3 | W14: =ROUNDUP($BO$14/12,0) -> 3 | ... AA14: =ROUNDUP($BO$14/12,0) -> 3 | AB14: =ROUNDUP($BP$14/12,0) -> 3 | AC14: =ROUNDUP($BP$14/12,0) -> 3 | AD14: =ROUNDUP($BP$14/12,0) -> 3 | AE14: =ROUNDUP($BP$14/12,0) -> 3 | AF14: =ROUNDUP($BP$14/12,0) -> 3 | AG14: =ROUNDUP($BP$14/12,0) -> 3 | AH14: =ROUNDUP($BP$14/12,0) -> 3 | AI14: =ROUNDUP($BP$14/12,0) -> 3 | ... AM14: =ROUNDUP($BP$14/12,0) -> 3 | AN14: =ROUNDUP($BQ$14/12,0) -> 4 | AO14: =ROUNDUP($BQ$14/12,0) -> 4 | AP14: =ROUNDUP($BQ$14/12,0) -> 4 | AQ14: =ROUNDUP($BQ$14/12,0) -> 4 | AR14: =ROUNDUP($BQ$14/12,0) -> 4 | AS14: =ROUNDUP($BQ$14/12,0) -> 4 | AT14: =ROUNDUP($BQ$14/12,0) -> 4 | AU14: =ROUNDUP($BQ$14/12,0) -> 4 | ... AY14: =ROUNDUP($BQ$14/12,0) -> 4 | AZ14: =ROUNDUP($BR$14/12,0) -> 4 | BA14: =ROUNDUP($BR$14/12,0) -> 4 | BB14: =ROUNDUP($BR$14/12,0) -> 4 | BC14: =ROUNDUP($BR$14/12,0) -> 4 | BD14: =ROUNDUP($BR$14/12,0) -> 4 | BE14: =ROUNDUP($BR$14/12,0) -> 4 | BF14: =ROUNDUP($BR$14/12,0) -> 4 | BG14: =ROUNDUP($BR$14/12,0) -> 4 | ... BK14: =ROUNDUP($BR$14/12,0) -> 4 | BN14: 20 | BO14: 25 | BP14: 30 | BQ14: 40 | BR14: 40
A15: Cumulative number of branches | B15: # | D15: =D14 -> 2 | E15: =E14+D15 -> 4 | F15: =F14+E15 -> 6 | G15: =G14+F15 -> 8 | H15: =H14+G15 -> 10 | I15: =I14+H15 -> 12 | J15: =J14+I15 -> 14 | K15: =K14+J15 -> 16 | L15: =L14+K15 -> 18 | ... BK15: =BK14+BJ15 -> 192 | BN15: =O15 -> 24 | BO15: =AA15 -> 60 | BP15: =AM15 -> 96 | BQ15: =AY15 -> 144 | BR15: =BK15 -> 192
A16: Loans per month per branch | B16: # | D16: 20 | E16: =ROUNDUP(D16+D16*10%,0) -> 22 | F16: =ROUNDUP(E16+E16*10%,0) -> 25 | G16: =ROUNDUP(F16+F16*10%,0) -> 28 | H16: =ROUNDUP(G16+G16*10%,0) -> 31 | I16: =ROUNDUP(H16+H16*10%,0) -> 35 | J16: =ROUNDUP(I16+I16*10%,0) -> 39 | K16: =ROUNDUP(J16+J16*10%,0) -> 43 | L16: =ROUNDUP(K16+K16*10%,0) -> 48 | ... AM16: =ROUNDUP(AL16+AL16*10%,0) -> 675 | AN16: =ROUNDUP(AM16+AM16*2%,0) -> 689 | AO16: =ROUNDUP(AN16+AN16*2%,0) -> 703 | AP16: =ROUNDUP(AO16+AO16*2%,0) -> 718 | AQ16: =ROUNDUP(AP16+AP16*2%,0) -> 733 | AR16: =ROUNDUP(AQ16+AQ16*2%,0) -> 748 | AS16: =ROUNDUP(AR16+AR16*2%,0) -> 763 | AT16: =ROUNDUP(AS16+AS16*2%,0) -> 779 | AU16: =ROUNDUP(AT16+AT16*2%,0) -> 795 | ... BK16: =ROUNDUP(BJ16+BJ16*2%,0) -> 1100 | BN16: =SUM(D16:O16) -> 468 | BO16: =SUM(P16:AA16) -> 1571 | BP16: =SUM(AB16:AM16) -> 5043 | BQ16: =SUM(AN16:AY16) -> 9274 | BR16: =SUM(AZ16:BK16) -> 11834
A17: Cumulative loan per branch | D17: =D16 -> 20 | E17: =E16+D17 -> 42 | F17: =F16+E17 -> 67 | G17: =G16+F17 -> 95 | H17: =H16+G17 -> 126 | I17: =I16+H17 -> 161 | J17: =J16+I17 -> 200 | K17: =K16+J17 -> 243 | L17: =L16+K17 -> 291 | ... BK17: =BK16+BJ17 -> 28190 | BN17: =BN16 -> 468 | BO17: =BN17+BO16 -> 2039 | BP17: =BO17+BP16 -> 7082 | BQ17: =BP17+BQ16 -> 16356 | BR17: =BQ17+BR16 -> 28190
A18: Total loans | B18: # | D18: ='Working for Branches'!G65 -> 40 | E18: ='Working for Branches'!H65 -> 84 | F18: ='Working for Branches'!I65 -> 134 | G18: ='Working for Branches'!J65 -> 190 | H18: ='Working for Branches'!K65 -> 252 | I18: ='Working for Branches'!L65 -> 322 | J18: ='Working for Branches'!M65 -> 400 | K18: ='Working for Branches'!N65 -> 486 | ... BK18: ='Working for Branches'!BN65 -> 74775 | BN18: =SUM(D18:O18) -> 4920 | BO18: =SUM(P18:AA18) -> 30540 | BP18: =SUM(AB18:AM18) -> 117230 | BQ18: =SUM(AN18:AY18) -> 340087 | BR18: =SUM(AZ18:BK18) -> 697722
A19: Cumulative | D19: =D18 -> 40 | E19: =D19+E18 -> 124 | F19: =E19+F18 -> 258 | G19: =F19+G18 -> 448 | H19: =G19+H18 -> 700 | I19: =H19+I18 -> 1022 | J19: =I19+J18 -> 1422 | K19: =J19+K18 -> 1908 | L19: =K19+L18 -> 2490 | ... BK19: =BJ19+BK18 -> 1190499 | BN19: =O19 -> 4920 | BO19: =AA19 -> 35460 | BP19: =AM19 -> 152690 | BQ19: =AY19 -> 492777 | BR19: =BK19 -> 1190499
A20: Cumulative | V20: =V19-D19 -> 17141 | W20: =W19-E19 -> 19906 | X20: =X19-F19 -> 22985 | Y20: =Y19-G19 -> 26409 | Z20: =Z19-H19 -> 30214 | AA20: =AA19-I19 -> 34438 | AB20: =AB19-J19 -> 39124 | AC20: =AC19-K19 -> 44320 | ... BK20: =BK19-AS19 -> 904283 | BN20: =BN19 -> 4920 | BO20: =AA20 -> 34438 | BP20: =AM20 -> 138029 | BQ20: =AY20 -> 416556 | BR20: =BK20 -> 904283
A21: Average loan size | B21: INR | D21: 40000 | E21: =D21 -> 40000 | F21: =E21 -> 40000 | G21: =F21 -> 40000 | H21: =G21 -> 40000 | I21: =H21 -> 40000 | J21: =I21 -> 40000 | K21: =J21 -> 40000 | L21: =K21 -> 40000 | ... BK21: =BJ21 -> 40000
A23: Users % share
A24: Interest Rate | B24: % | D24: 1 | E24: =D24 -> 1 | F24: =E24 -> 1 | G24: =F24 -> 1 | H24: =G24 -> 1 | I24: =H24 -> 1 | J24: =I24 -> 1 | K24: =J24 -> 1 | L24: =K24 -> 1 | ... BK24: =BJ24 -> 1 | BN24: 1 | BO24: 1 | BP24: 1 | BQ24: 1 | BR24: 1
A25: Processing Fee | B25: % | D25: 1 | E25: =D25 -> 1 | F25: =E25 -> 1 | G25: =F25 -> 1 | H25: =G25 -> 1 | I25: =H25 -> 1 | J25: =I25 -> 1 | K25: =J25 -> 1 | L25: =K25 -> 1 | ... AA25: =Z25 -> 1 | AB25: =AA25*(1+$C26) -> 1 | AC25: =AB25 -> 1 | AD25: =AC25 -> 1 | AE25: =AD25 -> 1 | AF25: =AE25 -> 1 | AG25: =AF25 -> 1 | AH25: =AG25 -> 1 | AI25: =AH25 -> 1 | AJ25: =AI25 -> 1 | ... AM25: =AL25 -> 1 | AN25: =AM25*(1+$C26) -> 1 | AO25: =AN25 -> 1 | AP25: =AO25 -> 1 | AQ25: =AP25 -> 1 | AR25: =AQ25 -> 1 | AS25: =AR25 -> 1 | AT25: =AS25 -> 1 | AU25: =AT25 -> 1 | AV25: =AU25 -> 1 | ... AY25: =AX25 -> 1 | AZ25: =AY25*(1+$C26) -> 1 | BA25: =AZ25 -> 1 | BB25: =BA25 -> 1 | BC25: =BB25 -> 1 | BD25: =BC25 -> 1 | BE25: =BD25 -> 1 | BF25: =BE25 -> 1 | BG25: =BF25 -> 1 | BH25: =BG25 -> 1 | ... BK25: =BJ25 -> 1 | BN25: 1 | BO25: 1 | BP25: 1 | BQ25: 1 | BR25: 1
A26: Insurance processing fee | B26: % | D26: 1 | E26: =D26 -> 1 | F26: =E26 -> 1 | G26: =F26 -> 1 | H26: =G26 -> 1 | I26: =H26 -> 1 | J26: =I26 -> 1 | K26: =J26 -> 1 | L26: =K26 -> 1 | ... AA26: =Z26 -> 1 | AB26: =AA26*(1+$C27) -> 1 | AC26: =AB26 -> 1 | AD26: =AC26 -> 1 | AE26: =AD26 -> 1 | AF26: =AE26 -> 1 | AG26: =AF26 -> 1 | AH26: =AG26 -> 1 | AI26: =AH26 -> 1 | AJ26: =AI26 -> 1 | ... AM26: =AL26 -> 1 | AN26: =AM26*(1+$C27) -> 1 | AO26: =AN26 -> 1 | AP26: =AO26 -> 1 | AQ26: =AP26 -> 1 | AR26: =AQ26 -> 1 | AS26: =AR26 -> 1 | AT26: =AS26 -> 1 | AU26: =AT26 -> 1 | AV26: =AU26 -> 1 | ... AY26: =AX26 -> 1 | AZ26: =AY26*(1+$C27) -> 1 | BA26: =AZ26 -> 1 | BB26: =BA26 -> 1 | BC26: =BB26 -> 1 | BD26: =BC26 -> 1 | BE26: =BD26 -> 1 | BF26: =BE26 -> 1 | BG26: =BF26 -> 1 | BH26: =BG26 -> 1 | ... BK26: =BJ26 -> 1 | BN26: 0.4 | BO26: 0.4 | BP26: 0.4 | BQ26: 0.4 | BR26: 0.4
A28: Rate %
A29: Interest Rate | B29: % | D29: =BN29 -> 0.02 | E29: =D29 -> 0.02 | F29: =E29 -> 0.02 | G29: =F29 -> 0.02 | H29: =G29 -> 0.02 | I29: =H29 -> 0.02 | J29: =I29 -> 0.02 | K29: =J29 -> 0.02 | L29: =K29 -> 0.02 | ... O29: =N29 -> 0.02 | P29: =BO29 -> 0.02 | Q29: =P29 -> 0.02 | R29: =Q29 -> 0.02 | S29: =R29 -> 0.02 | T29: =S29 -> 0.02 | U29: =T29 -> 0.02 | V29: =U29 -> 0.02 | W29: =V29 -> 0.02 | X29: =W29 -> 0.02 | ... AM29: =AL29 -> 0.02 | AN29: =BQ29 -> 0.02 | AO29: =AN29 -> 0.02 | AP29: =AO29 -> 0.02 | AQ29: =AP29 -> 0.02 | AR29: =AQ29 -> 0.02 | AS29: =AR29 -> 0.02 | AT29: =AS29 -> 0.02 | AU29: =AT29 -> 0.02 | AV29: =AU29 -> 0.02 | ... BK29: =BJ29 -> 0.02 | BN29: =24%/12 -> 0.02 | BO29: =24%/12 -> 0.02 | BP29: =24%/12 -> 0.02 | BQ29: =24%/12 -> 0.02 | BR29: =24%/12 -> 0.02
A30: Processing Fee | B30: % | D30: =BN30 -> 0.02 | E30: =D30 -> 0.02 | F30: =E30 -> 0.02 | G30: =F30 -> 0.02 | H30: =G30 -> 0.02 | I30: =H30 -> 0.02 | J30: =I30 -> 0.02 | K30: =J30 -> 0.02 | L30: =K30 -> 0.02 | ... O30: =N30 -> 0.02 | P30: =BO30 -> 0.02 | Q30: =P30 -> 0.02 | R30: =Q30 -> 0.02 | S30: =R30 -> 0.02 | T30: =S30 -> 0.02 | U30: =T30 -> 0.02 | V30: =U30 -> 0.02 | W30: =V30 -> 0.02 | X30: =W30 -> 0.02 | ... AM30: =AL30 -> 0.02 | AN30: =BQ30 -> 0.02 | AO30: =AN30 -> 0.02 | AP30: =AO30 -> 0.02 | AQ30: =AP30 -> 0.02 | AR30: =AQ30 -> 0.02 | AS30: =AR30 -> 0.02 | AT30: =AS30 -> 0.02 | AU30: =AT30 -> 0.02 | AV30: =AU30 -> 0.02 | ... BK30: =BJ30 -> 0.02 | BN30: 0.02 | BO30: 0.02 | BP30: 0.02 | BQ30: 0.02 | BR30: 0.02
A31: Insurance processing fee | B31: % | D31: =BN31 -> 0.03 | E31: =D31 -> 0.03 | F31: =E31 -> 0.03 | G31: =F31 -> 0.03 | H31: =G31 -> 0.03 | I31: =H31 -> 0.03 | J31: =I31 -> 0.03 | K31: =J31 -> 0.03 | L31: =K31 -> 0.03 | ... O31: =N31 -> 0.03 | P31: =BO31 -> 0.03 | Q31: =P31 -> 0.03 | R31: =Q31 -> 0.03 | S31: =R31 -> 0.03 | T31: =S31 -> 0.03 | U31: =T31 -> 0.03 | V31: =U31 -> 0.03 | W31: =V31 -> 0.03 | X31: =W31 -> 0.03 | ... AM31: =AL31 -> 0.03 | AN31: =BQ31 -> 0.03 | AO31: =AN31 -> 0.03 | AP31: =AO31 -> 0.03 | AQ31: =AP31 -> 0.03 | AR31: =AQ31 -> 0.03 | AS31: =AR31 -> 0.03 | AT31: =AS31 -> 0.03 | AU31: =AT31 -> 0.03 | AV31: =AU31 -> 0.03 | ... BK31: =BJ31 -> 0.03 | BN31: 0.03 | BO31: 0.03 | BP31: 0.03 | BQ31: 0.03 | BR31: 0.01
A36: Cost
A38: Direct expense
A40: Annual escalation | B40: % | C40: 0.1
A42: Indirect expense
A43: Rent | B43: INR | D43: 10000 | E43: =D43 -> 10000 | F43: =E43 -> 10000 | G43: =F43 -> 10000 | H43: =G43 -> 10000 | I43: =H43 -> 10000 | J43: =I43 -> 10000 | K43: =J43 -> 10000 | L43: =K43 -> 10000 | ... O43: =N43 -> 10000 | P43: =O43*(1+$C44) -> 11000 | Q43: =P43 -> 11000 | R43: =Q43 -> 11000 | S43: =R43 -> 11000 | T43: =S43 -> 11000 | U43: =T43 -> 11000 | V43: =U43 -> 11000 | W43: =V43 -> 11000 | X43: =W43 -> 11000 | ... AA43: =Z43 -> 11000 | AB43: =AA43*(1+$C44) -> 12100 | AC43: =AB43 -> 12100 | AD43: =AC43 -> 12100 | AE43: =AD43 -> 12100 | AF43: =AE43 -> 12100 | AG43: =AF43 -> 12100 | AH43: =AG43 -> 12100 | AI43: =AH43 -> 12100 | AJ43: =AI43 -> 12100 | ... AM43: =AL43 -> 12100 | AN43: =AM43*(1+$C44) -> 13310 | AO43: =AN43 -> 13310 | AP43: =AO43 -> 13310 | AQ43: =AP43 -> 13310 | AR43: =AQ43 -> 13310 | AS43: =AR43 -> 13310 | AT43: =AS43 -> 13310 | AU43: =AT43 -> 13310 | AV43: =AU43 -> 13310 | ... AY43: =AX43 -> 13310 | AZ43: =AY43*(1+$C44) -> 14641 | BA43: =AZ43 -> 14641 | BB43: =BA43 -> 14641 | BC43: =BB43 -> 14641 | BD43: =BC43 -> 14641 | BE43: =BD43 -> 14641 | BF43: =BE43 -> 14641 | BG43: =BF43 -> 14641 | BH43: =BG43 -> 14641 | ... BK43: =BJ43 -> 14641
A44: Annual escalation - Rent | B44: % | C44: 0.1
A45: Electricity Bill | B45: INR | D45: 1000 | E45: =D45 -> 1000 | F45: =E45 -> 1000 | G45: =F45 -> 1000 | H45: =G45 -> 1000 | I45: =H45 -> 1000 | J45: =I45 -> 1000 | K45: =J45 -> 1000 | L45: =K45 -> 1000 | ... O45: =N45 -> 1000 | P45: =O45*(1+$C46) -> 1100 | Q45: =P45 -> 1100 | R45: =Q45 -> 1100 | S45: =R45 -> 1100 | T45: =S45 -> 1100 | U45: =T45 -> 1100 | V45: =U45 -> 1100 | W45: =V45 -> 1100 | X45: =W45 -> 1100 | ... AA45: =Z45 -> 1100 | AB45: =AA45*(1+$C46) -> 1210 | AC45: =AB45 -> 1210 | AD45: =AC45 -> 1210 | AE45: =AD45 -> 1210 | AF45: =AE45 -> 1210 | AG45: =AF45 -> 1210 | AH45: =AG45 -> 1210 | AI45: =AH45 -> 1210 | AJ45: =AI45 -> 1210 | ... AM45: =AL45 -> 1210 | AN45: =AM45*(1+$C46) -> 1331 | AO45: =AN45 -> 1331 | AP45: =AO45 -> 1331 | AQ45: =AP45 -> 1331 | AR45: =AQ45 -> 1331 | AS45: =AR45 -> 1331 | AT45: =AS45 -> 1331 | AU45: =AT45 -> 1331 | AV45: =AU45 -> 1331 | ... AY45: =AX45 -> 1331 | AZ45: =AY45*(1+$C46) -> 1464.1 | BA45: =AZ45 -> 1464.1 | BB45: =BA45 -> 1464.1 | BC45: =BB45 -> 1464.1 | BD45: =BC45 -> 1464.1 | BE45: =BD45 -> 1464.1 | BF45: =BE45 -> 1464.1 | BG45: =BF45 -> 1464.1 | BH45: =BG45 -> 1464.1 | ... BK45: =BJ45 -> 1464.1
A46: Annual escalation - Travel & fuel | B46: % | C46: 0.1
A47: Internet Bill | B47: INR | D47: 1000 | E47: =D47 -> 1000 | F47: =E47 -> 1000 | G47: =F47 -> 1000 | H47: =G47 -> 1000 | I47: =H47 -> 1000 | J47: =I47 -> 1000 | K47: =J47 -> 1000 | L47: =K47 -> 1000 | ... O47: =N47 -> 1000 | P47: =O47*(1+$C48) -> 1100 | Q47: =P47 -> 1100 | R47: =Q47 -> 1100 | S47: =R47 -> 1100 | T47: =S47 -> 1100 | U47: =T47 -> 1100 | V47: =U47 -> 1100 | W47: =V47 -> 1100 | X47: =W47 -> 1100 | ... AA47: =Z47 -> 1100 | AB47: =AA47*(1+$C48) -> 1210 | AC47: =AB47 -> 1210 | AD47: =AC47 -> 1210 | AE47: =AD47 -> 1210 | AF47: =AE47 -> 1210 | AG47: =AF47 -> 1210 | AH47: =AG47 -> 1210 | AI47: =AH47 -> 1210 | AJ47: =AI47 -> 1210 | ... AM47: =AL47 -> 1210 | AN47: =AM47*(1+$C48) -> 1331 | AO47: =AN47 -> 1331 | AP47: =AO47 -> 1331 | AQ47: =AP47 -> 1331 | AR47: =AQ47 -> 1331 | AS47: =AR47 -> 1331 | AT47: =AS47 -> 1331 | AU47: =AT47 -> 1331 | AV47: =AU47 -> 1331 | ... AY47: =AX47 -> 1331 | AZ47: =AY47*(1+$C48) -> 1464.1 | BA47: =AZ47 -> 1464.1 | BB47: =BA47 -> 1464.1 | BC47: =BB47 -> 1464.1 | BD47: =BC47 -> 1464.1 | BE47: =BD47 -> 1464.1 | BF47: =BE47 -> 1464.1 | BG47: =BF47 -> 1464.1 | BH47: =BG47 -> 1464.1 | ... BK47: =BJ47 -> 1464.1
A48: Annual escalation - Software | B48: % | C48: 0.1
A49: Stationery | B49: INR | D49: 500 | E49: =D49 -> 500 | F49: =E49 -> 500 | G49: =F49 -> 500 | H49: =G49 -> 500 | I49: =H49 -> 500 | J49: =I49 -> 500 | K49: =J49 -> 500 | L49: =K49 -> 500 | ... O49: =N49 -> 500 | P49: =O49*(1+$C50) -> 550 | Q49: =P49 -> 550 | R49: =Q49 -> 550 | S49: =R49 -> 550 | T49: =S49 -> 550 | U49: =T49 -> 550 | V49: =U49 -> 550 | W49: =V49 -> 550 | X49: =W49 -> 550 | ... AA49: =Z49 -> 550 | AB49: =AA49*(1+$C50) -> 605 | AC49: =AB49 -> 605 | AD49: =AC49 -> 605 | AE49: =AD49 -> 605 | AF49: =AE49 -> 605 | AG49: =AF49 -> 605 | AH49: =AG49 -> 605 | AI49: =AH49 -> 605 | AJ49: =AI49 -> 605 | ... AM49: =AL49 -> 605 | AN49: =AM49*(1+$C50) -> 665.5 | AO49: =AN49 -> 665.5 | AP49: =AO49 -> 665.5 | AQ49: =AP49 -> 665.5 | AR49: =AQ49 -> 665.5 | AS49: =AR49 -> 665.5 | AT49: =AS49 -> 665.5 | AU49: =AT49 -> 665.5 | AV49: =AU49 -> 665.5 | ... AY49: =AX49 -> 665.5 | AZ49: =AY49*(1+$C50) -> 732.05 | BA49: =AZ49 -> 732.05 | BB49: =BA49 -> 732.05 | BC49: =BB49 -> 732.05 | BD49: =BC49 -> 732.05 | BE49: =BD49 -> 732.05 | BF49: =BE49 -> 732.05 | BG49: =BF49 -> 732.05 | BH49: =BG49 -> 732.05 | ... BK49: =BJ49 -> 732.05
A50: Annual escalation - Stationery | B50: % | C50: 0.1
A51: Mumbai Office | B51: INR | D51: 50000 | E51: =D51 -> 50000 | F51: =E51 -> 50000 | G51: =F51 -> 50000 | H51: =G51 -> 50000 | I51: =H51 -> 50000 | J51: =I51 -> 50000 | K51: =J51 -> 50000 | L51: =K51 -> 50000 | ... O51: =N51 -> 50000 | P51: =O51*(1+$C52) -> 55000 | Q51: =P51 -> 55000 | R51: =Q51 -> 55000 | S51: =R51 -> 55000 | T51: =S51 -> 55000 | U51: =T51 -> 55000 | V51: =U51 -> 55000 | W51: =V51 -> 55000 | X51: =W51 -> 55000 | ... AA51: =Z51 -> 55000 | AB51: =AA51*(1+$C52) -> 60500 | AC51: =AB51 -> 60500 | AD51: =AC51 -> 60500 | AE51: =AD51 -> 60500 | AF51: =AE51 -> 60500 | AG51: =AF51 -> 60500 | AH51: =AG51 -> 60500 | AI51: =AH51 -> 60500 | AJ51: =AI51 -> 60500 | ... AM51: =AL51 -> 60500 | AN51: =AM51*(1+$C52) -> 66550 | AO51: =AN51 -> 66550 | AP51: =AO51 -> 66550 | AQ51: =AP51 -> 66550 | AR51: =AQ51 -> 66550 | AS51: =AR51 -> 66550 | AT51: =AS51 -> 66550 | AU51: =AT51 -> 66550 | AV51: =AU51 -> 66550 | ... AY51: =AX51 -> 66550 | AZ51: =AY51*(1+$C52) -> 73205 | BA51: =AZ51 -> 73205 | BB51: =BA51 -> 73205 | BC51: =BB51 -> 73205 | BD51: =BC51 -> 73205 | BE51: =BD51 -> 73205 | BF51: =BE51 -> 73205 | BG51: =BF51 -> 73205 | BH51: =BG51 -> 73205 | ... BK51: =BJ51 -> 73205
A52: Annual escalation | B52: % | C52: 0.1
A54: Softwares | B54: INR | D54: =((25000/12)*D15)+((10/12)*D17) -> 4183.3333 | E54: =((25000/12)*E15)+((10/12)*E17) -> 8368.3333 | F54: =((25000/12)*F15)+((10/12)*F17) -> 12555.833 | G54: =((25000/12)*G15)+((10/12)*G17) -> 16745.833 | H54: =((25000/12)*H15)+((10/12)*H17) -> 20938.333 | I54: =((25000/12)*I15)+((10/12)*I17) -> 25134.167 | J54: =((25000/12)*J15)+((10/12)*J17) -> 29333.333 | K54: =((25000/12)*K15)+((10/12)*K17) -> 33535.833 | ... BK54: =((25000/12)*BK15)+((10/12)*BK17) -> 423491.67
A56: Marketing and Branding | B56: % | D56: 0.15 | E56: =D56 -> 0.15 | F56: =E56 -> 0.15 | G56: =F56 -> 0.15 | H56: =G56 -> 0.15 | I56: =H56 -> 0.15 | J56: =I56 -> 0.15 | K56: =J56 -> 0.15 | L56: =K56 -> 0.15 | ... BK56: =BJ56 -> 0.15
A58: Employee Benefit | B58: % | D58: 0.15 | E58: =D58 -> 0.15 | F58: =E58 -> 0.15 | G58: =F58 -> 0.15 | H58: =G58 -> 0.15 | I58: =H58 -> 0.15 | J58: =I58 -> 0.15 | K58: =J58 -> 0.15 | L58: =K58 -> 0.15 | ... BK58: =BJ58 -> 0.15
A60: Reasearch and development | B60: % | D60: 0.1 | E60: =D60 -> 0.1 | F60: =E60 -> 0.1 | G60: =F60 -> 0.1 | H60: =G60 -> 0.1 | I60: =H60 -> 0.1 | J60: =I60 -> 0.1 | K60: =J60 -> 0.1 | L60: =K60 -> 0.1 | ... BK60: =BJ60 -> 0.1
A63: Other Expenses
A64: Legal charges | B64: INR | D64: 5000 | E64: =D64 -> 5000 | F64: =E64 -> 5000 | G64: =F64 -> 5000 | H64: =G64 -> 5000 | I64: =H64 -> 5000 | J64: =I64 -> 5000 | K64: =J64 -> 5000 | L64: =K64 -> 5000 | ... O64: =N64 -> 5000 | P64: =O64*(1+$C65) -> 5500 | Q64: =P64 -> 5500 | R64: =Q64 -> 5500 | S64: =R64 -> 5500 | T64: =S64 -> 5500 | U64: =T64 -> 5500 | V64: =U64 -> 5500 | W64: =V64 -> 5500 | X64: =W64 -> 5500 | ... AA64: =Z64 -> 5500 | AB64: =AA64*(1+$C65) -> 6050 | AC64: =AB64 -> 6050 | AD64: =AC64 -> 6050 | AE64: =AD64 -> 6050 | AF64: =AE64 -> 6050 | AG64: =AF64 -> 6050 | AH64: =AG64 -> 6050 | AI64: =AH64 -> 6050 | AJ64: =AI64 -> 6050 | ... AM64: =AL64 -> 6050 | AN64: =AM64*(1+$C65) -> 6655 | AO64: =AN64 -> 6655 | AP64: =AO64 -> 6655 | AQ64: =AP64 -> 6655 | AR64: =AQ64 -> 6655 | AS64: =AR64 -> 6655 | AT64: =AS64 -> 6655 | AU64: =AT64 -> 6655 | AV64: =AU64 -> 6655 | ... AY64: =AX64 -> 6655 | AZ64: =AY64*(1+$C65) -> 7320.5 | BA64: =AZ64 -> 7320.5 | BB64: =BA64 -> 7320.5 | BC64: =BB64 -> 7320.5 | BD64: =BC64 -> 7320.5 | BE64: =BD64 -> 7320.5 | BF64: =BE64 -> 7320.5 | BG64: =BF64 -> 7320.5 | BH64: =BG64 -> 7320.5 | ... BK64: =BJ64 -> 7320.5
A65: Annual escalation - Legal charges | B65: % | C65: 0.1
A66: Audit Consultation | B66: INR | D66: 8000 | E66: =D66 -> 8000 | F66: =E66 -> 8000 | G66: =F66 -> 8000 | H66: =G66 -> 8000 | I66: =H66 -> 8000 | J66: =I66 -> 8000 | K66: =J66 -> 8000 | L66: =K66 -> 8000 | ... O66: =N66 -> 8000 | P66: =O66*(1+$C67) -> 8800 | Q66: =P66 -> 8800 | R66: =Q66 -> 8800 | S66: =R66 -> 8800 | T66: =S66 -> 8800 | U66: =T66 -> 8800 | V66: =U66 -> 8800 | W66: =V66 -> 8800 | X66: =W66 -> 8800 | ... AA66: =Z66 -> 8800 | AB66: =AA66*(1+$C67) -> 9680 | AC66: =AB66 -> 9680 | AD66: =AC66 -> 9680 | AE66: =AD66 -> 9680 | AF66: =AE66 -> 9680 | AG66: =AF66 -> 9680 | AH66: =AG66 -> 9680 | AI66: =AH66 -> 9680 | AJ66: =AI66 -> 9680 | ... AM66: =AL66 -> 9680 | AN66: =AM66*(1+$C67) -> 10648 | AO66: =AN66 -> 10648 | AP66: =AO66 -> 10648 | AQ66: =AP66 -> 10648 | AR66: =AQ66 -> 10648 | AS66: =AR66 -> 10648 | AT66: =AS66 -> 10648 | AU66: =AT66 -> 10648 | AV66: =AU66 -> 10648 | ... AY66: =AX66 -> 10648 | AZ66: =AY66*(1+$C67) -> 11712.8 | BA66: =AZ66 -> 11712.8 | BB66: =BA66 -> 11712.8 | BC66: =BB66 -> 11712.8 | BD66: =BC66 -> 11712.8 | BE66: =BD66 -> 11712.8 | BF66: =BE66 -> 11712.8 | BG66: =BF66 -> 11712.8 | BH66: =BG66 -> 11712.8 | ... BK66: =BJ66 -> 11712.8
A67: Annual escalation - Audit charges | B67: % | C67: 0.1

Sheet Working for Branches
A1: All figures in INR wherever applicable
A2: Working for branches | G2: 1 | H2: =G2+1 -> 2 | I2: =H2+1 -> 3 | J2: =I2+1 -> 4 | K2: =J2+1 -> 5 | L2: =K2+1 -> 6 | M2: =L2+1 -> 7 | N2: =M2+1 -> 8 | O2: =N2+1 -> 9 | ... BN2: =BM2+1 -> 60
B3: Branches | E3: 0 | F3: Loans per month per branch | G3: =Assumptions!D16 -> 20 | H3: =Assumptions!E16 -> 22 | I3: =Assumptions!F16 -> 25 | J3: =Assumptions!G16 -> 28 | K3: =Assumptions!H16 -> 31 | L3: =Assumptions!I16 -> 35 | M3: =Assumptions!J16 -> 39 | N3: =Assumptions!K16 -> 43 | ... BN3: =Assumptions!BK16 -> 1100
D4: 0 | G4: =$D$4*G3 -> 0 | H4: =$D$4*H3 -> 0 | I4: =$D$4*I3 -> 0 | J4: =$D$4*J3 -> 0 | K4: =$D$4*K3 -> 0 | L4: =$D$4*L3 -> 0 | M4: =$D$4*M3 -> 0 | N4: =$D$4*N3 -> 0 | ... BN4: =$D$4*BN3 -> 0
B5: {=TRANSPOSE(G2:BN2)} -> 1 | D5: =SUM(D4:D4) -> 0 | E5: {=TRANSPOSE(Assumptions!D15:BK15)} -> 2 | F5: {=TRANSPOSE(Assumptions!D14:BK14)} -> 2 | G5: =$F$5*G3 -> 40 | H5: =$F$5*H3 -> 44 | I5: =$F$5*I3 -> 50 | J5: =$F$5*J3 -> 56 | K5: =$F$5*K3 -> 62 | L5: =$F$5*L3 -> 70 | M5: =$F$5*M3 -> 78 | N5: =$F$5*N3 -> 86 | ... BN5: =$F$5*BN3 -> 2200
B6: 2 | E6: 4 | F6: 2 | H6: =$F$6*G3 -> 40 | I6: =$F$6*H3 -> 44 | J6: =$F$6*I3 -> 50 | K6: =$F$6*J3 -> 56 | L6: =$F$6*K3 -> 62 | M6: =$F$6*L3 -> 70 | N6: =$F$6*M3 -> 78 | O6: =$F$6*N3 -> 86 | ... BN6: =$F$6*BM3 -> 2156
B7: 3 | E7: 6 | F7: 2 | I7: =$F$7*G3 -> 40 | J7: =$F$7*H3 -> 44 | K7: =$F$7*I3 -> 50 | L7: =$F$7*J3 -> 56 | M7: =$F$7*K3 -> 62 | N7: =$F$7*L3 -> 70 | O7: =$F$7*M3 -> 78 | P7: =$F$7*N3 -> 86 | ... BN7: =$F$7*BL3 -> 2112
B8: 4 | E8: 8 | F8: 2 | J8: =$F$8*G3 -> 40 | K8: =$F$8*H3 -> 44 | L8: =$F$8*I3 -> 50 | M8: =$F$8*J3 -> 56 | N8: =$F$8*K3 -> 62 | O8: =$F$8*L3 -> 70 | P8: =$F$8*M3 -> 78 | Q8: =$F$8*N3 -> 86 | ... BN8: =$F$8*BK3 -> 2070
B9: 5 | E9: 10 | F9: 2 | K9: =$F$9*G3 -> 40 | L9: =$F$9*H3 -> 44 | M9: =$F$9*I3 -> 50 | N9: =$F$9*J3 -> 56 | O9: =$F$9*K3 -> 62 | P9: =$F$9*L3 -> 70 | Q9: =$F$9*M3 -> 78 | R9: =$F$9*N3 -> 86 | ... BN9: =$F$9*BJ3 -> 2028
B10: 6 | E10: 12 | F10: 2 | L10: =$F$10*G3 -> 40 | M10: =$F$10*H3 -> 44 | N10: =$F$10*I3 -> 50 | O10: =$F$10*J3 -> 56 | P10: =$F$10*K3 -> 62 | Q10: =$F$10*L3 -> 70 | R10: =$F$10*M3 -> 78 | S10: =$F$10*N3 -> 86 | ... BN10: =$F$10*BI3 -> 1988
B11: 7 | E11: 14 | F11: 2 | M11: =$F$11*G3 -> 40 | N11: =$F$11*H3 -> 44 | O11: =$F$11*I3 -> 50 | P11: =$F$11*J3 -> 56 | Q11: =$F$11*K3 -> 62 | R11: =$F$11*L3 -> 70 | S11: =$F$11*M3 -> 78 | T11: =$F$11*N3 -> 86 | ... BN11: =$F$11*BH3 -> 1948
B12: 8 | E12: 16 | F12: 2 | N12: =$F$12*G3 -> 40 | O12: =$F$12*H3 -> 44 | P12: =$F$12*I3 -> 50 | Q12: =$F$12*J3 -> 56 | R12: =$F$12*K3 -> 62 | S12: =$F$12*L3 -> 70 | T12: =$F$12*M3 -> 78 | U12: =$F$12*N3 -> 86 | ... BN12: =$F$12*BG3 -> 1908
B13: 9 | E13: 18 | F13: 2 | O13: =$F$13*G3 -> 40 | P13: =$F$13*H3 -> 44 | Q13: =$F$13*I3 -> 50 | R13: =$F$13*J3 -> 56 | S13: =$F$13*K3 -> 62 | T13: =$F$13*L3 -> 70 | U13: =$F$13*M3 -> 78 | V13: =$F$13*N3 -> 86 | ... BN13: =$F$13*BF3 -> 1870
B14: 10 | E14: 20 | F14: 2 | P14: =$F$14*G3 -> 40 | Q14: =$F$14*H3 -> 44 | R14: =$F$14*I3 -> 50 | S14: =$F$14*J3 -> 56 | T14: =$F$14*K3 -> 62 | U14: =$F$14*L3 -> 70 | V14: =$F$14*M3 -> 78 | W14: =$F$14*N3 -> 86 | ... BN14: =$F$14*BE3 -> 1832
B15: 11 | E15: 22 | F15: 2 | Q15: =$F$15*G3 -> 40 | R15: =$F$15*H3 -> 44 | S15: =$F$15*I3 -> 50 | T15: =$F$15*J3 -> 56 | U15: =$F$15*K3 -> 62 | V15: =$F$15*L3 -> 70 | W15: =$F$15*M3 -> 78 | X15: =$F$15*N3 -> 86 | ... BN15: =$F$15*BD3 -> 1796
B16: 12 | E16: 24 | F16: 2 | R16: =$F$16*G3 -> 40 | S16: =$F$16*H3 -> 44 | T16: =$F$16*I3 -> 50 | U16: =$F$16*J3 -> 56 | V16: =$F$16*K3 -> 62 | W16: =$F$16*L3 -> 70 | X16: =$F$16*M3 -> 78 | Y16: =$F$16*N3 -> 86 | ... BN16: =$F$16*BC3 -> 1760
B17: 13 | E17: 27 | F17: 3 | S17: =$F$17*G3 -> 60 | T17: =$F$17*H3 -> 66 | U17: =$F$17*I3 -> 75 | V17: =$F$17*J3 -> 84 | W17: =$F$17*K3 -> 93 | X17: =$F$17*L3 -> 105 | Y17: =$F$17*M3 -> 117 | Z17: =$F$17*N3 -> 129 | ... BN17: =$F$17*BB3 -> 2586
B18: 14 | E18: 30 | F18: 3 | T18: =$F$18*G3 -> 60 | U18: =$F$18*H3 -> 66 | V18: =$F$18*I3 -> 75 | W18: =$F$18*J3 -> 84 | X18: =$F$18*K3 -> 93 | Y18: =$F$18*L3 -> 105 | Z18: =$F$18*M3 -> 117 | AA18: =$F$18*N3 -> 129 | ... BN18: =$F$18*BA3 -> 2535
B19: 15 | E19: 33 | F19: 3 | U19: =$F$19*G3 -> 60 | V19: =$F$19*H3 -> 66 | W19: =$F$19*I3 -> 75 | X19: =$F$19*J3 -> 84 | Y19: =$F$19*K3 -> 93 | Z19: =$F$19*L3 -> 105 | AA19: =$F$19*M3 -> 117 | AB19: =$F$19*N3 -> 129 | ... BN19: =$F$19*AZ3 -> 2484
B20: 16 | E20: 36 | F20: 3 | V20: =$F$20*G3 -> 60 | W20: =$F$20*H3 -> 66 | X20: =$F$20*I3 -> 75 | Y20: =$F$20*J3 -> 84 | Z20: =$F$20*K3 -> 93 | AA20: =$F$20*L3 -> 105 | AB20: =$F$20*M3 -> 117 | AC20: =$F$20*N3 -> 129 | ... BN20: =$F$20*AY3 -> 2433
B21: 17 | E21: 39 | F21: 3 | W21: =$F$21*G3 -> 60 | X21: =$F$21*H3 -> 66 | Y21: =$F$21*I3 -> 75 | Z21: =$F$21*J3 -> 84 | AA21: =$F$21*K3 -> 93 | AB21: =$F$21*L3 -> 105 | AC21: =$F$21*M3 -> 117 | AD21: =$F$21*N3 -> 129 | ... BN21: =$F$21*AX3 -> 2385
B22: 18 | E22: 42 | F22: 3 | X22: =$F$22*G3 -> 60 | Y22: =$F$22*H3 -> 66 | Z22: =$F$22*I3 -> 75 | AA22: =$F$22*J3 -> 84 | AB22: =$F$22*K3 -> 93 | AC22: =$F$22*L3 -> 105 | AD22: =$F$22*M3 -> 117 | AE22: =$F$22*N3 -> 129 | ... BN22: =$F$22*AW3 -> 2337
B23: 19 | E23: 45 | F23: 3 | Y23: =$F$23*G3 -> 60 | Z23: =$F$23*H3 -> 66 | AA23: =$F$23*I3 -> 75 | AB23: =$F$23*J3 -> 84 | AC23: =$F$23*K3 -> 93 | AD23: =$F$23*L3 -> 105 | AE23: =$F$23*M3 -> 117 | AF23: =$F$23*N3 -> 129 | ... BN23: =$F$23*AV3 -> 2289
B24: 20 | E24: 48 | F24: 3 | Z24: =$F$24*G3 -> 60 | AA24: =$F$24*H3 -> 66 | AB24: =$F$24*I3 -> 75 | AC24: =$F$24*J3 -> 84 | AD24: =$F$24*K3 -> 93 | AE24: =$F$24*L3 -> 105 | AF24: =$F$24*M3 -> 117 | AG24: =$F$24*N3 -> 129 | ... BN24: =$F$24*AU3 -> 2244
B25: 21 | E25: 51 | F25: 3 | AA25: =$F$25*G3 -> 60 | AB25: =$F$25*H3 -> 66 | AC25: =$F$25*I3 -> 75 | AD25: =$F$25*J3 -> 84 | AE25: =$F$25*K3 -> 93 | AF25: =$F$25*L3 -> 105 | AG25: =$F$25*M3 -> 117 | AH25: =$F$25*N3 -> 129 | ... BN25: =$F$25*AT3 -> 2199
B26: 22 | E26: 54 | F26: 3 | AB26: =$F$26*G3 -> 60 | AC26: =$F$26*H3 -> 66 | AD26: =$F$26*I3 -> 75 | AE26: =$F$26*J3 -> 84 | AF26: =$F$26*K3 -> 93 | AG26: =$F$26*L3 -> 105 | AH26: =$F$26*M3 -> 117 | AI26: =$F$26*N3 -> 129 | ... BN26: =$F$26*AS3 -> 2154
B27: 23 | E27: 57 | F27: 3 | AC27: =$F$27*G3 -> 60 | AD27: =$F$27*H3 -> 66 | AE27: =$F$27*I3 -> 75 | AF27: =$F$27*J3 -> 84 | AG27: =$F$27*K3 -> 93 | AH27: =$F$27*L3 -> 105 | AI27: =$F$27*M3 -> 117 | AJ27: =$F$27*N3 -> 129 | ... BN27: =$F$27*AR3 -> 2109
B28: 24 | E28: 60 | F28: 3 | AD28: =$F$28*G3 -> 60 | AE28: =$F$28*H3 -> 66 | AF28: =$F$28*I3 -> 75 | AG28: =$F$28*J3 -> 84 | AH28: =$F$28*K3 -> 93 | AI28: =$F$28*L3 -> 105 | AJ28: =$F$28*M3 -> 117 | AK28: =$F$28*N3 -> 129 | ... BN28: =$F$28*AQ3 -> 2067
B29: 25 | E29: 63 | F29: 3 | AE29: =$F$29*G3 -> 60 | AF29: =$F$29*H3 -> 66 | AG29: =$F$29*I3 -> 75 | AH29: =$F$29*J3 -> 84 | AI29: =$F$29*K3 -> 93 | AJ29: =$F$29*L3 -> 105 | AK29: =$F$29*M3 -> 117 | AL29: =$F$29*N3 -> 129 | ... BN29: =$F$29*AP3 -> 2025
B30: 26 | E30: 66 | F30: 3 | AF30: =$F$30*G3 -> 60 | AG30: =$F$30*H3 -> 66 | AH30: =$F$30*I3 -> 75 | AI30: =$F$30*J3 -> 84 | AJ30: =$F$30*K3 -> 93 | AK30: =$F$30*L3 -> 105 | AL30: =$F$30*M3 -> 117 | AM30: =$F$30*N3 -> 129 | ... BN30: =$F$30*AO3 -> 1839
B31: 27 | E31: 69 | F31: 3 | AG31: =$F$31*G3 -> 60 | AH31: =$F$31*H3 -> 66 | AI31: =$F$31*I3 -> 75 | AJ31: =$F$31*J3 -> 84 | AK31: =$F$31*K3 -> 93 | AL31: =$F$31*L3 -> 105 | AM31: =$F$31*M3 -> 117 | AN31: =$F$31*N3 -> 129 | ... BN31: =$F$31*AN3 -> 1671
B32: 28 | E32: 72 | F32: 3 | AH32: =$F$32*G3 -> 60 | AI32: =$F$32*H3 -> 66 | AJ32: =$F$32*I3 -> 75 | AK32: =$F$32*J3 -> 84 | AL32: =$F$32*K3 -> 93 | AM32: =$F$32*L3 -> 105 | AN32: =$F$32*M3 -> 117 | AO32: =$F$32*N3 -> 129 | ... BN32: =$F$32*AM3 -> 1518
B33: 29 | E33: 75 | F33: 3 | AI33: =$F$33*G3 -> 60 | AJ33: =$F$33*H3 -> 66 | AK33: =$F$33*I3 -> 75 | AL33: =$F$33*J3 -> 84 | AM33: =$F$33*K3 -> 93 | AN33: =$F$33*L3 -> 105 | AO33: =$F$33*M3 -> 117 | AP33: =$F$33*N3 -> 129 | ... BN33: =$F$33*AL3 -> 1380
B34: 30 | E34: 78 | F34: 3 | AJ34: =$F$34*G3 -> 60 | AK34: =$F$34*H3 -> 66 | AL34: =$F$34*I3 -> 75 | AM34: =$F$34*J3 -> 84 | AN34: =$F$34*K3 -> 93 | AO34: =$F$34*L3 -> 105 | AP34: =$F$34*M3 -> 117 | AQ34: =$F$34*N3 -> 129 | ... BN34: =$F$34*AK3 -> 1254
B35: 31 | E35: 81 | F35: 3 | AK35: =$F$35*G3 -> 60 | AL35: =$F$35*H3 -> 66 | AM35: =$F$35*I3 -> 75 | AN35: =$F$35*J3 -> 84 | AO35: =$F$35*K3 -> 93 | AP35: =$F$35*L3 -> 105 | AQ35: =$F$35*M3 -> 117 | AR35: =$F$35*N3 -> 129 | ... BN35: =$F$35*AJ3 -> 1140
B36: 32 | E36: 84 | F36: 3 | AL36: =$F$36*G3 -> 60 | AM36: =$F$36*H3 -> 66 | AN36: =$F$36*I3 -> 75 | AO36: =$F$36*J3 -> 84 | AP36: =$F$36*K3 -> 93 | AQ36: =$F$36*L3 -> 105 | AR36: =$F$36*M3 -> 117 | AS36: =$F$36*N3 -> 129 | ... BN36: =$F$36*AI3 -> 1035
B37: 33 | E37: 87 | F37: 3 | AM37: =$F$37*G3 -> 60 | AN37: =$F$37*H3 -> 66 | AO37: =$F$37*I3 -> 75 | AP37: =$F$37*J3 -> 84 | AQ37: =$F$37*K3 -> 93 | AR37: =$F$37*L3 -> 105 | AS37: =$F$37*M3 -> 117 | AT37: =$F$37*N3 -> 129 | ... BN37: =$F$37*AH3 -> 939
B38: 34 | E38: 90 | F38: 3 | AN38: =$F$38*G3 -> 60 | AO38: =$F$38*H3 -> 66 | AP38: =$F$38*I3 -> 75 | AQ38: =$F$38*J3 -> 84 | AR38: =$F$38*K3 -> 93 | AS38: =$F$38*L3 -> 105 | AT38: =$F$38*M3 -> 117 | AU38: =$F$38*N3 -> 129 | ... BN38: =$F$38*AG3 -> 852
B39: 35 | E39: 93 | F39: 3 | AO39: =$F$39*G3 -> 60 | AP39: =$F$39*H3 -> 66 | AQ39: =$F$39*I3 -> 75 | AR39: =$F$39*J3 -> 84 | AS39: =$F$39*K3 -> 93 | AT39: =$F$39*L3 -> 105 | AU39: =$F$39*M3 -> 117 | AV39: =$F$39*N3 -> 129 | ... BN39: =$F$39*AF3 -> 774
B40: 36 | E40: 96 | F40: 3 | AP40: =$F$40*G3 -> 60 | AQ40: =$F$40*H3 -> 66 | AR40: =$F$40*I3 -> 75 | AS40: =$F$40*J3 -> 84 | AT40: =$F$40*K3 -> 93 | AU40: =$F$40*L3 -> 105 | AV40: =$F$40*M3 -> 117 | AW40: =$F$40*N3 -> 129 | ... BN40: =$F$40*AE3 -> 702
B41: 37 | E41: 100 | F41: 4 | AQ41: =$F$41*G3 -> 80 | AR41: =$F$41*H3 -> 88 | AS41: =$F$41*I3 -> 100 | AT41: =$F$41*J3 -> 112 | AU41: =$F$41*K3 -> 124 | AV41: =$F$41*L3 -> 140 | AW41: =$F$41*M3 -> 156 | AX41: =$F$41*N3 -> 172 | ... BN41: =$F$41*AD3 -> 848
B42: 38 | E42: 104 | F42: 4 | AR42: =$F$42*G3 -> 80 | AS42: =$F$42*H3 -> 88 | AT42: =$F$42*I3 -> 100 | AU42: =$F$42*J3 -> 112 | AV42: =$F$42*K3 -> 124 | AW42: =$F$42*L3 -> 140 | AX42: =$F$42*M3 -> 156 | AY42: =$F$42*N3 -> 172 | ... BN42: =$F$42*AC3 -> 768
B43: 39 | E43: 108 | F43: 4 | AS43: =$F$43*G3 -> 80 | AT43: =$F$43*H3 -> 88 | AU43: =$F$43*I3 -> 100 | AV43: =$F$43*J3 -> 112 | AW43: =$F$43*K3 -> 124 | AX43: =$F$43*L3 -> 140 | AY43: =$F$43*M3 -> 156 | AZ43: =$F$43*N3 -> 172 | ... BN43: =$F$43*AB3 -> 696
B44: 40 | E44: 112 | F44: 4 | AT44: =$F$44*G3 -> 80 | AU44: =$F$44*H3 -> 88 | AV44: =$F$44*I3 -> 100 | AW44: =$F$44*J3 -> 112 | AX44: =$F$44*K3 -> 124 | AY44: =$F$44*L3 -> 140 | AZ44: =$F$44*M3 -> 156 | BA44: =$F$44*N3 -> 172 | ... BN44: =$F$44*AA3 -> 632
B45: 41 | E45: 116 | F45: 4 | AU45: =$F$45*G3 -> 80 | AV45: =$F$45*H3 -> 88 | AW45: =$F$45*I3 -> 100 | AX45: =$F$45*J3 -> 112 | AY45: =$F$45*K3 -> 124 | AZ45: =$F$45*L3 -> 140 | BA45: =$F$45*M3 -> 156 | BB45: =$F$45*N3 -> 172 | ... BN45: =$F$45*Z3 -> 572
B46: 42 | E46: 120 | F46: 4 | AV46: =$F$46*G3 -> 80 | AW46: =$F$46*H3 -> 88 | AX46: =$F$46*I3 -> 100 | AY46: =$F$46*J3 -> 112 | AZ46: =$F$46*K3 -> 124 | BA46: =$F$46*L3 -> 140 | BB46: =$F$46*M3 -> 156 | BC46: =$F$46*N3 -> 172 | ... BN46: =$F$46*Y3 -> 520
B47: 43 | E47: 124 | F47: 4 | AW47: =$F$47*G3 -> 80 | AX47: =$F$47*H3 -> 88 | AY47: =$F$47*I3 -> 100 | AZ47: =$F$47*J3 -> 112 | BA47: =$F$47*K3 -> 124 | BB47: =$F$47*L3 -> 140 | BC47: =$F$47*M3 -> 156 | BD47: =$F$47*N3 -> 172 | ... BN47: =$F$47*X3 -> 472
B48: 44 | E48: 128 | F48: 4 | AX48: =$F$48*G3 -> 80 | AY48: =$F$48*H3 -> 88 | AZ48: =$F$48*I3 -> 100 | BA48: =$F$48*J3 -> 112 | BB48: =$F$48*K3 -> 124 | BC48: =$F$48*L3 -> 140 | BD48: =$F$48*M3 -> 156 | BE48: =$F$48*N3 -> 172 | ... BN48: =$F$48*W3 -> 428
B49: 45 | E49: 132 | F49: 4 | AY49: =$F$49*G3 -> 80 | AZ49: =$F$49*H3 -> 88 | BA49: =$F$49*I3 -> 100 | BB49: =$F$49*J3 -> 112 | BC49: =$F$49*K3 -> 124 | BD49: =$F$49*L3 -> 140 | BE49: =$F$49*M3 -> 156 | BF49: =$F$49*N3 -> 172 | ... BN49: =$F$49*V3 -> 388
B50: 46 | E50: 136 | F50: 4 | AZ50: =$F$50*G3 -> 80 | BA50: =$F$50*H3 -> 88 | BB50: =$F$50*I3 -> 100 | BC50: =$F$50*J3 -> 112 | BD50: =$F$50*K3 -> 124 | BE50: =$F$50*L3 -> 140 | BF50: =$F$50*M3 -> 156 | BG50: =$F$50*N3 -> 172 | ... BN50: =$F$50*U3 -> 352
B51: 47 | E51: 140 | F51: 4 | BA51: =$F$51*G3 -> 80 | BB51: =$F$51*H3 -> 88 | BC51: =$F$51*I3 -> 100 | BD51: =$F$51*J3 -> 112 | BE51: =$F$51*K3 -> 124 | BF51: =$F$51*L3 -> 140 | BG51: =$F$51*M3 -> 156 | BH51: =$F$51*N3 -> 172 | ... BN51: =$F$51*T3 -> 320
B52: 48 | E52: 144 | F52: 4 | BB52: =$F$52*G3 -> 80 | BC52: =$F$52*H3 -> 88 | BD52: =$F$52*I3 -> 100 | BE52: =$F$52*J3 -> 112 | BF52: =$F$52*K3 -> 124 | BG52: =$F$52*L3 -> 140 | BH52: =$F$52*M3 -> 156 | BI52: =$F$52*N3 -> 172 | ... BN52: =$F$52*S3 -> 288
B53: 49 | E53: 148 | F53: 4 | BC53: =$F$53*G3 -> 80 | BD53: =$F$53*H3 -> 88 | BE53: =$F$53*I3 -> 100 | BF53: =$F$53*J3 -> 112 | BG53: =$F$53*K3 -> 124 | BH53: =$F$53*L3 -> 140 | BI53: =$F$53*M3 -> 156 | BJ53: =$F$53*N3 -> 172 | ... BN53: =$F$53*R3 -> 260
B54: 50 | E54: 152 | F54: 4 | BD54: =$F$54*G3 -> 80 | BE54: =$F$54*H3 -> 88 | BF54: =$F$54*I3 -> 100 | BG54: =$F$54*J3 -> 112 | BH54: =$F$54*K3 -> 124 | BI54: =$F$54*L3 -> 140 | BJ54: =$F$54*M3 -> 156 | BK54: =$F$54*N3 -> 172 | ... BN54: =$F$54*Q3 -> 236
B55: 51 | E55: 156 | F55: 4 | BE55: =$F$55*G3 -> 80 | BF55: =$F$55*H3 -> 88 | BG55: =$F$55*I3 -> 100 | BH55: =$F$55*J3 -> 112 | BI55: =$F$55*K3 -> 124 | BJ55: =$F$55*L3 -> 140 | BK55: =$F$55*M3 -> 156 | BL55: =$F$55*N3 -> 172 | ... BN55: =$F$55*P3 -> 212
B56: 52 | E56: 160 | F56: 4 | BF56: =$F$56*G3 -> 80 | BG56: =$F$56*H3 -> 88 | BH56: =$F$56*I3 -> 100 | BI56: =$F$56*J3 -> 112 | BJ56: =$F$56*K3 -> 124 | BK56: =$F$56*L3 -> 140 | BL56: =$F$56*M3 -> 156 | BM56: =$F$56*N3 -> 172 | BN56: =$F$56*O3 -> 192
B57: 53 | E57: 164 | F57: 4 | BG57: =$F$57*G3 -> 80 | BH57: =$F$57*H3 -> 88 | BI57: =$F$57*I3 -> 100 | BJ57: =$F$57*J3 -> 112 | BK57: =$F$57*K3 -> 124 | BL57: =$F$57*L3 -> 140 | BM57: =$F$57*M3 -> 156 | BN57: =$F$57*N3 -> 172
B58: 54 | E58: 168 | F58: 4 | BH58: =$F$58*G3 -> 80 | BI58: =$F$58*H3 -> 88 | BJ58: =$F$58*I3 -> 100 | BK58: =$F$58*J3 -> 112 | BL58: =$F$58*K3 -> 124 | BM58: =$F$58*L3 -> 140 | BN58: =$F$58*M3 -> 156
B59: 55 | E59: 172 | F59: 4 | BI59: =$F$59*G3 -> 80 | BJ59: =$F$59*H3 -> 88 | BK59: =$F$59*I3 -> 100 | BL59: =$F$59*J3 -> 112 | BM59: =$F$59*K3 -> 124 | BN59: =$F$59*L3 -> 140
B60: 56 | E60: 176 | F60: 4 | BJ60: =$F$60*G3 -> 80 | BK60: =$F$60*H3 -> 88 | BL60: =$F$60*I3 -> 100 | BM60: =$F$60*J3 -> 112 | BN60: =$F$60*K3 -> 124
B61: 57 | E61: 180 | F61: 4 | BK61: =$F$61*G3 -> 80 | BL61: =$F$61*H3 -> 88 | BM61: =$F$61*I3 -> 100 | BN61: =$F$61*J3 -> 112
B62: 58 | E62: 184 | F62: 4 | BL62: =$F$62*G3 -> 80 | BM62: =$F$62*H3 -> 88 | BN62: =$F$62*I3 -> 100
B63: 59 | E63: 188 | F63: 4 | BM63: =$F$63*G3 -> 80 | BN63: =$F$63*H3 -> 88
B64: 60 | E64: 192 | F64: 4 | BN64: =$F$64*G3 -> 80
G65: =SUM(G4:G64) -> 40 | H65: =SUM(H4:H64) -> 84 | I65: =SUM(I4:I64) -> 134 | J65: =SUM(J4:J64) -> 190 | K65: =SUM(K4:K64) -> 252 | L65: =SUM(L4:L64) -> 322 | M65: =SUM(M4:M64) -> 400 | N65: =SUM(N4:N64) -> 486 | ... BN65: =SUM(BN4:BN64) -> 74775
G66: =G65*40000 -> 1600000 | H66: =H65*40000 -> 3360000 | I66: =I65*40000 -> 5360000 | J66: =J65*40000 -> 7600000 | K66: =K65*40000 -> 10080000 | L66: =L65*40000 -> 12880000 | M66: =M65*40000 -> 16000000 | N66: =N65*40000 -> 19440000 | ... BN66: =BN65*40000 -> 2991000000
R67: =SUM(G66:R66) -> 196800000 | AD67: =SUM(S66:AD66) -> 1221600000 | AO67: =SUM(AD66:AO66) -> 4222920000 | BA67: =SUM(AP66:BA66) -> 12641120000
R68: =R67/10000000 -> 19.68 | AD68: =AD67/10000000 -> 122.16 | AO68: =AO67/10000000 -> 422.292 | BA68: =BA67/10000000 -> 1264.112
F70: Order Per Month Per Hub
B71: {=TRANSPOSE('[3]Revenue Assumptions'!I25:BP25)} -> Month1 | E71: {=TRANSPOSE(Assumptions!D83:BK83)} -> 0 | F71: {=TRANSPOSE(Assumptions!D82:BK82)} -> 0 | G71: =$F$71*G70 -> 0 | H71: =$F$71*H70 -> 0 | I71: =$F$71*I70 -> 0 | J71: =$F$71*J70 -> 0 | K71: =$F$71*K70 -> 0 | L71: =$F$71*L70 -> 0 | M71: =$F$71*M70 -> 0 | N71: =$F$71*N70 -> 0 | ... BN71: =$F$71*BN70 -> 0
B72: Month 2 | E72: 0 | F72: 0 | H72: =$F$72*G70 -> 0 | I72: =$F$72*H70 -> 0 | J72: =$F$72*I70 -> 0 | K72: =$F$72*J70 -> 0 | L72: =$F$72*K70 -> 0 | M72: =$F$72*L70 -> 0 | N72: =$F$72*M70 -> 0 | O72: =$F$72*N70 -> 0 | ... BN72: =$F$72*BM70 -> 0
B73: Month3 | E73: 0 | F73: 0 | I73: =$F$73*G70 -> 0 | J73: =$F$73*H70 -> 0 | K73: =$F$73*I70 -> 0 | L73: =$F$73*J70 -> 0 | M73: =$F$73*K70 -> 0 | N73: =$F$73*L70 -> 0 | O73: =$F$73*M70 -> 0 | P73: =$F$73*N70 -> 0 | ... BN73: =$F$73*BL70 -> 0
B74: Month4 | E74: 0 | F74: 0 | J74: =$F$74*G70 -> 0 | K74: =$F$74*H70 -> 0 | L74: =$F$74*I70 -> 0 | M74: =$F$74*J70 -> 0 | N74: =$F$74*K70 -> 0 | O74: =$F$74*L70 -> 0 | P74: =$F$74*M70 -> 0 | Q74: =$F$74*N70 -> 0 | ... BN74: =$F$74*BK70 -> 0
B75: Month5 | E75: 0 | F75: 0 | K75: =$F$75*G70 -> 0 | L75: =$F$75*H70 -> 0 | M75: =$F$75*I70 -> 0 | N75: =$F$75*J70 -> 0 | O75: =$F$75*K70 -> 0 | P75: =$F$75*L70 -> 0 | Q75: =$F$75*M70 -> 0 | R75: =$F$75*N70 -> 0 | ... BN75: =$F$75*BJ70 -> 0
B76: Month6 | E76: 0 | F76: 0 | L76: =$F$76*G70 -> 0 | M76: =$F$76*H70 -> 0 | N76: =$F$76*I70 -> 0 | O76: =$F$76*J70 -> 0 | P76: =$F$76*K70 -> 0 | Q76: =$F$76*L70 -> 0 | R76: =$F$76*M70 -> 0 | S76: =$F$76*N70 -> 0 | ... BN76: =$F$76*BI70 -> 0
B77: Month7 | E77: 0 | F77: 0 | M77: =$F$77*G70 -> 0 | N77: =$F$77*H70 -> 0 | O77: =$F$77*I70 -> 0 | P77: =$F$77*J70 -> 0 | Q77: =$F$77*K70 -> 0 | R77: =$F$77*L70 -> 0 | S77: =$F$77*M70 -> 0 | T77: =$F$77*N70 -> 0 | ... BN77: =$F$77*BH70 -> 0
B78: Month8 | E78: 0 | F78: 0 | N78: =$F$78*G70 -> 0 | O78: =$F$78*H70 -> 0 | P78: =$F$78*I70 -> 0 | Q78: =$F$78*J70 -> 0 | R78: =$F$78*K70 -> 0 | S78: =$F$78*L70 -> 0 | T78: =$F$78*M70 -> 0 | U78: =$F$78*N70 -> 0 | ... BN78: =$F$78*BG70 -> 0
B79: Month9 | E79: 0 | F79: 0 | O79: =$F$79*G70 -> 0 | P79: =$F$79*H70 -> 0 | Q79: =$F$79*I70 -> 0 | R79: =$F$79*J70 -> 0 | S79: =$F$79*K70 -> 0 | T79: =$F$79*L70 -> 0 | U79: =$F$79*M70 -> 0 | V79: =$F$79*N70 -> 0 | ... BN79: =$F$79*BF70 -> 0
B80: Month10 | E80: 0 | F80: 0 | P80: =$F$80*G70 -> 0 | Q80: =$F$80*H70 -> 0 | R80: =$F$80*I70 -> 0 | S80: =$F$80*J70 -> 0 | T80: =$F$80*K70 -> 0 | U80: =$F$80*L70 -> 0 | V80: =$F$80*M70 -> 0 | W80: =$F$80*N70 -> 0 | ... BN80: =$F$80*BE70 -> 0
B81: Month11 | E81: 0 | F81: 0 | Q81: =$F$81*G70 -> 0 | R81: =$F$81*H70 -> 0 | S81: =$F$81*I70 -> 0 | T81: =$F$81*J70 -> 0 | U81: =$F$81*K70 -> 0 | V81: =$F$81*L70 -> 0 | W81: =$F$81*M70 -> 0 | X81: =$F$81*N70 -> 0 | ... BN81: =$F$81*BD70 -> 0
B82: Month12 | E82: 0 | F82: 0 | R82: =$F$82*G70 -> 0 | S82: =$F$82*H70 -> 0 | T82: =$F$82*I70 -> 0 | U82: =$F$82*J70 -> 0 | V82: =$F$82*K70 -> 0 | W82: =$F$82*L70 -> 0 | X82: =$F$82*M70 -> 0 | Y82: =$F$82*N70 -> 0 | ... BN82: =$F$82*BC70 -> 0
B83: Month13 | E83: 0 | F83: 0 | S83: =$F$83*G70 -> 0 | T83: =$F$83*H70 -> 0 | U83: =$F$83*I70 -> 0 | V83: =$F$83*J70 -> 0 | W83: =$F$83*K70 -> 0 | X83: =$F$83*L70 -> 0 | Y83: =$F$83*M70 -> 0 | Z83: =$F$83*N70 -> 0 | ... BN83: =$F$83*BB70 -> 0
B84: Month14 | E84: 0 | F84: 0 | T84: =$F$84*G70 -> 0 | U84: =$F$84*H70 -> 0 | V84: =$F$84*I70 -> 0 | W84: =$F$84*J70 -> 0 | X84: =$F$84*K70 -> 0 | Y84: =$F$84*L70 -> 0 | Z84: =$F$84*M70 -> 0 | AA84: =$F$84*N70 -> 0 | ... BN84: =$F$84*BA70 -> 0
B85: Month15 | E85: 0 | F85: 0 | U85: =$F$85*G70 -> 0 | V85: =$F$85*H70 -> 0 | W85: =$F$85*I70 -> 0 | X85: =$F$85*J70 -> 0 | Y85: =$F$85*K70 -> 0 | Z85: =$F$85*L70 -> 0 | AA85: =$F$85*M70 -> 0 | AB85: =$F$85*N70 -> 0 | ... BN85: =$F$85*AZ70 -> 0
B86: Month16 | E86: 0 | F86: 0 | V86: =$F$86*G70 -> 0 | W86: =$F$86*H70 -> 0 | X86: =$F$86*I70 -> 0 | Y86: =$F$86*J70 -> 0 | Z86: =$F$86*K70 -> 0 | AA86: =$F$86*L70 -> 0 | AB86: =$F$86*M70 -> 0 | AC86: =$F$86*N70 -> 0 | ... BN86: =$F$86*AY70 -> 0
B87: Month17 | E87: 0 | F87: 0 | W87: =$F$87*G70 -> 0 | X87: =$F$87*H70 -> 0 | Y87: =$F$87*I70 -> 0 | Z87: =$F$87*J70 -> 0 | AA87: =$F$87*K70 -> 0 | AB87: =$F$87*L70 -> 0 | AC87: =$F$87*M70 -> 0 | AD87: =$F$87*N70 -> 0 | ... BN87: =$F$87*AX70 -> 0
B88: Month18 | E88: 0 | F88: 0 | X88: =$F$88*G70 -> 0 | Y88: =$F$88*H70 -> 0 | Z88: =$F$88*I70 -> 0 | AA88: =$F$88*J70 -> 0 | AB88: =$F$88*K70 -> 0 | AC88: =$F$88*L70 -> 0 | AD88: =$F$88*M70 -> 0 | AE88: =$F$88*N70 -> 0 | ... BN88: =$F$88*AW70 -> 0
B89: Month19 | E89: 0 | F89: 0 | Y89: =$F$89*G70 -> 0 | Z89: =$F$89*H70 -> 0 | AA89: =$F$89*I70 -> 0 | AB89: =$F$89*J70 -> 0 | AC89: =$F$89*K70 -> 0 | AD89: =$F$89*L70 -> 0 | AE89: =$F$89*M70 -> 0 | AF89: =$F$89*N70 -> 0 | ... BN89: =$F$89*AV70 -> 0
B90: Month20 | E90: 0 | F90: 0 | Z90: =$F$90*G70 -> 0 | AA90: =$F$90*H70 -> 0 | AB90: =$F$90*I70 -> 0 | AC90: =$F$90*J70 -> 0 | AD90: =$F$90*K70 -> 0 | AE90: =$F$90*L70 -> 0 | AF90: =$F$90*M70 -> 0 | AG90: =$F$90*N70 -> 0 | ... BN90: =$F$90*AU70 -> 0
B91: Month21 | E91: 0 | F91: 0 | AA91: =$F$91*G70 -> 0 | AB91: =$F$91*H70 -> 0 | AC91: =$F$91*I70 -> 0 | AD91: =$F$91*J70 -> 0 | AE91: =$F$91*K70 -> 0 | AF91: =$F$91*L70 -> 0 | AG91: =$F$91*M70 -> 0 | AH91: =$F$91*N70 -> 0 | ... BN91: =$F$91*AT70 -> 0
B92: Month22 | E92: 0 | F92: 0 | AB92: =$F$92*G70 -> 0 | AC92: =$F$92*H70 -> 0 | AD92: =$F$92*I70 -> 0 | AE92: =$F$92*J70 -> 0 | AF92: =$F$92*K70 -> 0 | AG92: =$F$92*L70 -> 0 | AH92: =$F$92*M70 -> 0 | AI92: =$F$92*N70 -> 0 | ... BN92: =$F$92*AS70 -> 0
B93: Month23 | E93: 0 | F93: 0 | AC93: =$F$93*G70 -> 0 | AD93: =$F$93*H70 -> 0 | AE93: =$F$93*I70 -> 0 | AF93: =$F$93*J70 -> 0 | AG93: =$F$93*K70 -> 0 | AH93: =$F$93*L70 -> 0 | AI93: =$F$93*M70 -> 0 | AJ93: =$F$93*N70 -> 0 | ... BN93: =$F$93*AR70 -> 0
B94: Month24 | E94: 0 | F94: 0 | AD94: =$F$94*G70 -> 0 | AE94: =$F$94*H70 -> 0 | AF94: =$F$94*I70 -> 0 | AG94: =$F$94*J70 -> 0 | AH94: =$F$94*K70 -> 0 | AI94: =$F$94*L70 -> 0 | AJ94: =$F$94*M70 -> 0 | AK94: =$F$94*N70 -> 0 | ... BN94: =$F$94*AQ70 -> 0
B95: Month25 | E95: 0 | F95: 0 | AE95: =$F$95*G70 -> 0 | AF95: =$F$95*H70 -> 0 | AG95: =$F$95*I70 -> 0 | AH95: =$F$95*J70 -> 0 | AI95: =$F$95*K70 -> 0 | AJ95: =$F$95*L70 -> 0 | AK95: =$F$95*M70 -> 0 | AL95: =$F$95*N70 -> 0 | ... BN95: =$F$95*AP70 -> 0
B96: Month26 | E96: 0 | F96: 0 | AF96: =$F$96*G70 -> 0 | AG96: =$F$96*H70 -> 0 | AH96: =$F$96*I70 -> 0 | AI96: =$F$96*J70 -> 0 | AJ96: =$F$96*K70 -> 0 | AK96: =$F$96*L70 -> 0 | AL96: =$F$96*M70 -> 0 | AM96: =$F$96*N70 -> 0 | ... BN96: =$F$96*AO70 -> 0
B97: Month27 | E97: 0 | F97: 0 | AG97: =$F$97*G70 -> 0 | AH97: =$F$97*H70 -> 0 | AI97: =$F$97*I70 -> 0 | AJ97: =$F$97*J70 -> 0 | AK97: =$F$97*K70 -> 0 | AL97: =$F$97*L70 -> 0 | AM97: =$F$97*M70 -> 0 | AN97: =$F$97*N70 -> 0 | ... BN97: =$F$97*AN70 -> 0
B98: Month28 | E98: 0 | F98: 0 | AH98: =$F$98*G70 -> 0 | AI98: =$F$98*H70 -> 0 | AJ98: =$F$98*I70 -> 0 | AK98: =$F$98*J70 -> 0 | AL98: =$F$98*K70 -> 0 | AM98: =$F$98*L70 -> 0 | AN98: =$F$98*M70 -> 0 | AO98: =$F$98*N70 -> 0 | ... BN98: =$F$98*AM70 -> 0
B99: Month29 | E99: 0 | F99: 0 | AI99: =$F$99*G70 -> 0 | AJ99: =$F$99*H70 -> 0 | AK99: =$F$99*I70 -> 0 | AL99: =$F$99*J70 -> 0 | AM99: =$F$99*K70 -> 0 | AN99: =$F$99*L70 -> 0 | AO99: =$F$99*M70 -> 0 | AP99: =$F$99*N70 -> 0 | ... BN99: =$F$99*AL70 -> 0
B100: Month30 | E100: 0 | F100: 0 | AJ100: =$F$100*G70 -> 0 | AK100: =$F$100*H70 -> 0 | AL100: =$F$100*I70 -> 0 | AM100: =$F$100*J70 -> 0 | AN100: =$F$100*K70 -> 0 | AO100: =$F$100*L70 -> 0 | AP100: =$F$100*M70 -> 0 | AQ100: =$F$100*N70 -> 0 | ... BN100: =$F$100*AK70 -> 0
B101: Month31 | E101: 0 | F101: 0 | AK101: =$F$101*G70 -> 0 | AL101: =$F$101*H70 -> 0 | AM101: =$F$101*I70 -> 0 | AN101: =$F$101*J70 -> 0 | AO101: =$F$101*K70 -> 0 | AP101: =$F$101*L70 -> 0 | AQ101: =$F$101*M70 -> 0 | AR101: =$F$101*N70 -> 0 | ... BN101: =$F$101*AJ70 -> 0
...

Sheet Revenue
A1: All figures in INR wherever applicable
A2: Revenue projections | D2: 1 | E2: =D2+1 -> 2 | F2: =E2+1 -> 3 | G2: =F2+1 -> 4 | H2: =G2+1 -> 5 | J2: 1 | K2: =J2+1 -> 2 | L2: =K2+1 -> 3 | M2: =L2+1 -> 4 | N2: =M2+1 -> 5 | O2: =N2+1 -> 6 | P2: =O2+1 -> 7 | Q2: =P2+1 -> 8 | R2: =Q2+1 -> 9 | ... BQ2: =BP2+1 -> 60
A4: Particulars | B4: Unit
A6: Interest rate | B6: INR | D6: =SUM(J6:U6) -> 16395200 | E6: =SUM(V6:AG6) -> 168632800 | F6: =SUM(AH6:AS6) -> 773864000 | G6: =SUM(AT6:BE6) -> 2604779200 | H6: =SUM(BF6:BQ6) -> 6383252000 | J6: =Assumptions!D19*Assumptions!D21*Assumptions!D24*Assumptions!D29 -> 32000 | K6: =Assumptions!E19*Assumptions!E21*Assumptions!E24*Assumptions!E29 -> 99200 | L6: =Assumptions!F19*Assumptions!F21*Assumptions!F24*Assumptions!F29 -> 206400 | M6: =Assumptions!G19*Assumptions!G21*Assumptions!G24*Assumptions!G29 -> 358400 | N6: =Assumptions!H19*Assumptions!H21*Assumptions!H24*Assumptions!H29 -> 560000 | O6: =Assumptions!I19*Assumptions!I21*Assumptions!I24*Assumptions!I29 -> 817600 | P6: =Assumptions!J19*Assumptions!J21*Assumptions!J24*Assumptions!J29 -> 1137600 | Q6: =Assumptions!K19*Assumptions!K21*Assumptions!K24*Assumptions!K29 -> 1526400 | ... AA6: =Assumptions!U19*Assumptions!U21*Assumptions!U24*Assumptions!U29 -> 11728800 | AB6: =Assumptions!V20*Assumptions!V21*Assumptions!V24*Assumptions!V29 -> 13712800 | AC6: =Assumptions!W20*Assumptions!W21*Assumptions!W24*Assumptions!W29 -> 15924800 | AD6: =Assumptions!X20*Assumptions!X21*Assumptions!X24*Assumptions!X29 -> 18388000 | AE6: =Assumptions!Y20*Assumptions!Y21*Assumptions!Y24*Assumptions!Y29 -> 21127200 | AF6: =Assumptions!Z20*Assumptions!Z21*Assumptions!Z24*Assumptions!Z29 -> 24171200 | AG6: =Assumptions!AA20*Assumptions!AA21*Assumptions!AA24*Assumptions!AA29 -> 27550400 | AH6: =Assumptions!AB20*Assumptions!AB21*Assumptions!AB24*Assumptions!AB29 -> 31299200 | AI6: =Assumptions!AC20*Assumptions!AC21*Assumptions!AC24*Assumptions!AC29 -> 35456000 | ... BQ6: =Assumptions!BK20*Assumptions!BK21*Assumptions!BK24*Assumptions!BK29 -> 723426400
A7: Processing fee | B7: INR | D7: =SUM(J7:U7) -> 3936000 | E7: =SUM(V7:AG7) -> 24432000 | F7: =SUM(AH7:AS7) -> 93784000 | G7: =SUM(AT7:BE7) -> 272069600 | H7: =SUM(BF7:BQ7) -> 558177600 | J7: =Assumptions!D18*Assumptions!D21*Assumptions!D25*Assumptions!D30 -> 32000 | K7: =Assumptions!E18*Assumptions!E21*Assumptions!E25*Assumptions!E30 -> 67200 | L7: =Assumptions!F18*Assumptions!F21*Assumptions!F25*Assumptions!F30 -> 107200 | M7: =Assumptions!G18*Assumptions!G21*Assumptions!G25*Assumptions!G30 -> 152000 | N7: =Assumptions!H18*Assumptions!H21*Assumptions!H25*Assumptions!H30 -> 201600 | O7: =Assumptions!I18*Assumptions!I21*Assumptions!I25*Assumptions!I30 -> 257600 | P7: =Assumptions!J18*Assumptions!J21*Assumptions!J25*Assumptions!J30 -> 320000 | Q7: =Assumptions!K18*Assumptions!K21*Assumptions!K25*Assumptions!K30 -> 388800 | ... BQ7: =Assumptions!BK18*Assumptions!BK21*Assumptions!BK25*Assumptions!BK30 -> 59820000
A8: Insurance Processing fee | B8: INR | D8: =SUM(J8:U8) -> 5904000 | E8: =SUM(V8:AG8) -> 36648000 | F8: =SUM(AH8:AS8) -> 140676000 | G8: =SUM(AT8:BE8) -> 408104400 | H8: =SUM(BF8:BQ8) -> 837266400 | J8: =Assumptions!D18*Assumptions!D21*Assumptions!D26*Assumptions!D31 -> 48000 | K8: =Assumptions!E18*Assumptions!E21*Assumptions!E26*Assumptions!E31 -> 100800 | L8: =Assumptions!F18*Assumptions!F21*Assumptions!F26*Assumptions!F31 -> 160800 | M8: =Assumptions!G18*Assumptions!G21*Assumptions!G26*Assumptions!G31 -> 228000 | N8: =Assumptions!H18*Assumptions!H21*Assumptions!H26*Assumptions!H31 -> 302400 | O8: =Assumptions!I18*Assumptions!I21*Assumptions!I26*Assumptions!I31 -> 386400 | P8: =Assumptions!J18*Assumptions!J21*Assumptions!J26*Assumptions!J31 -> 480000 | Q8: =Assumptions!K18*Assumptions!K21*Assumptions!K26*Assumptions!K31 -> 583200 | ... BQ8: =Assumptions!BK18*Assumptions!BK21*Assumptions!BK26*Assumptions!BK31 -> 89730000
A10: Revenue - total | B10: INR | D10: =SUM(D6:D9) -> 26235200 | E10: =SUM(E6:E9) -> 229712800 | F10: =SUM(F6:F9) -> 1008324000 | G10: =SUM(G6:G9) -> 3284953200 | H10: =SUM(H6:H9) -> 7778696000 | J10: =SUM(J6:J9) -> 112000 | K10: =SUM(K6:K9) -> 267200 | L10: =SUM(L6:L9) -> 474400 | M10: =SUM(M6:M9) -> 738400 | N10: =SUM(N6:N9) -> 1064000 | O10: =SUM(O6:O9) -> 1461600 | P10: =SUM(P6:P9) -> 1937600 | Q10: =SUM(Q6:Q9) -> 2498400 | ... BQ10: =SUM(BQ6:BQ9) -> 872976400

Sheet Cost
A1: All figures in INR wherever applicable
A2: Cost projections | D2: 1 | E2: =D2+1 -> 2 | F2: =E2+1 -> 3 | G2: =F2+1 -> 4 | H2: =G2+1 -> 5 | J2: =Revenue!J2 -> 1 | K2: =Revenue!K2 -> 2 | L2: =Revenue!L2 -> 3 | M2: =Revenue!M2 -> 4 | N2: =Revenue!N2 -> 5 | O2: =Revenue!O2 -> 6 | P2: =Revenue!P2 -> 7 | Q2: =Revenue!Q2 -> 8 | ... BQ2: =Revenue!BQ2 -> 60
A4: Particulars | B4: Unit
A6: Direct expense
A8: Direct expense - total | B8: INR
A10: Indirect expense
A11: =Assumptions!A43 -> Rent | B11: INR | D11: =SUM(J11:U11) -> 1560000 | E11: =SUM(V11:AG11) -> 5742000 | F11: =SUM(AH11:AS11) -> 11543400 | G11: =SUM(AT11:BE11) -> 19485840 | H11: =SUM(BF11:BQ11) -> 29867640 | J11: =Assumptions!D43*Assumptions!D$15 -> 20000 | K11: =Assumptions!E43*Assumptions!E$15 -> 40000 | L11: =Assumptions!F43*Assumptions!F$15 -> 60000 | M11: =Assumptions!G43*Assumptions!G$15 -> 80000 | N11: =Assumptions!H43*Assumptions!H$15 -> 100000 | O11: =Assumptions!I43*Assumptions!I$15 -> 120000 | P11: =Assumptions!J43*Assumptions!J$15 -> 140000 | Q11: =Assumptions!K43*Assumptions!K$15 -> 160000 | ... BQ11: =Assumptions!BK43*Assumptions!BK$15 -> 2811072
A12: =Assumptions!A45 -> Electricity Bill | D12: =SUM(J12:U12) -> 156000 | E12: =SUM(V12:AG12) -> 574200 | F12: =SUM(AH12:AS12) -> 1154340 | G12: =SUM(AT12:BE12) -> 1948584 | H12: =SUM(BF12:BQ12) -> 2986764 | J12: =Assumptions!D45*Assumptions!D15 -> 2000 | K12: =Assumptions!E45*Assumptions!E15 -> 4000 | L12: =Assumptions!F45*Assumptions!F15 -> 6000 | M12: =Assumptions!G45*Assumptions!G15 -> 8000 | N12: =Assumptions!H45*Assumptions!H15 -> 10000 | O12: =Assumptions!I45*Assumptions!I15 -> 12000 | P12: =Assumptions!J45*Assumptions!J15 -> 14000 | Q12: =Assumptions!K45*Assumptions!K15 -> 16000 | ... BQ12: =Assumptions!BK45*Assumptions!BK15 -> 281107.2
A13: =Assumptions!A47 -> Internet Bill | B13: INR | D13: =SUM(J13:U13) -> 156000 | E13: =SUM(V13:AG13) -> 574200 | F13: =SUM(AH13:AS13) -> 1154340 | G13: =SUM(AT13:BE13) -> 1948584 | H13: =SUM(BF13:BQ13) -> 2986764 | J13: =Assumptions!D47*Assumptions!D15 -> 2000 | K13: =Assumptions!E47*Assumptions!E15 -> 4000 | L13: =Assumptions!F47*Assumptions!F15 -> 6000 | M13: =Assumptions!G47*Assumptions!G15 -> 8000 | N13: =Assumptions!H47*Assumptions!H15 -> 10000 | O13: =Assumptions!I47*Assumptions!I15 -> 12000 | P13: =Assumptions!J47*Assumptions!J15 -> 14000 | Q13: =Assumptions!K47*Assumptions!K15 -> 16000 | ... BQ13: =Assumptions!BK47*Assumptions!BK15 -> 281107.2
A14: =Assumptions!A49 -> Stationery | B14: INR | D14: =SUM(J14:U14) -> 78000 | E14: =SUM(V14:AG14) -> 287100 | F14: =SUM(AH14:AS14) -> 577170 | G14: =SUM(AT14:BE14) -> 974292 | H14: =SUM(BF14:BQ14) -> 1493382 | J14: =Assumptions!D49*Assumptions!D15 -> 1000 | K14: =Assumptions!E49*Assumptions!E15 -> 2000 | L14: =Assumptions!F49*Assumptions!F15 -> 3000 | M14: =Assumptions!G49*Assumptions!G15 -> 4000 | N14: =Assumptions!H49*Assumptions!H15 -> 5000 | O14: =Assumptions!I49*Assumptions!I15 -> 6000 | P14: =Assumptions!J49*Assumptions!J15 -> 7000 | Q14: =Assumptions!K49*Assumptions!K15 -> 8000 | ... BQ14: =Assumptions!BK49*Assumptions!BK15 -> 140553.6
A15: Mumbai Office | B15: INR | D15: =SUM(J15:U15) -> 600000 | E15: =SUM(V15:AG15) -> 660000 | F15: =SUM(AH15:AS15) -> 726000 | G15: =SUM(AT15:BE15) -> 798600 | H15: =SUM(BF15:BQ15) -> 878460 | J15: =Assumptions!D51 -> 50000 | K15: =Assumptions!E51 -> 50000 | L15: =Assumptions!F51 -> 50000 | M15: =Assumptions!G51 -> 50000 | N15: =Assumptions!H51 -> 50000 | O15: =Assumptions!I51 -> 50000 | P15: =Assumptions!J51 -> 50000 | Q15: =Assumptions!K51 -> 50000 | ... BQ15: =Assumptions!BK51 -> 73205
A16: =Assumptions!A54 -> Softwares | B16: INR | D16: =SUM(J16:U16) -> 327050 | E16: =SUM(V16:AG16) -> 1099200 | F16: =SUM(AH16:AS16) -> 2030495.8 | G16: =SUM(AT16:BE16) -> 3169180 | H16: =SUM(BF16:BQ16) -> 4475277.5 | J16: =Assumptions!D54 -> 4183.3333 | K16: =Assumptions!E54 -> 8368.3333 | L16: =Assumptions!F54 -> 12555.833 | M16: =Assumptions!G54 -> 16745.833 | N16: =Assumptions!H54 -> 20938.333 | O16: =Assumptions!I54 -> 25134.167 | P16: =Assumptions!J54 -> 29333.333 | Q16: =Assumptions!K54 -> 33535.833 | ... BQ16: =Assumptions!BK54 -> 423491.67
A17: =Assumptions!A56 -> Marketing and Branding | B17: INR | D17: =SUM(J17:U17) -> 3935280 | E17: =SUM(V17:AG17) -> 34456920 | F17: =SUM(AH17:AS17) -> 151248600 | G17: =SUM(AT17:BE17) -> 492742980 | H17: =SUM(BF17:BQ17) -> 1166804400 | J17: =Assumptions!D56*Revenue!J$10 -> 16800 | K17: =Assumptions!E56*Revenue!K$10 -> 40080 | L17: =Assumptions!F56*Revenue!L$10 -> 71160 | M17: =Assumptions!G56*Revenue!M$10 -> 110760 | N17: =Assumptions!H56*Revenue!N$10 -> 159600 | O17: =Assumptions!I56*Revenue!O$10 -> 219240 | P17: =Assumptions!J56*Revenue!P$10 -> 290640 | Q17: =Assumptions!K56*Revenue!Q$10 -> 374760 | ... BQ17: =Assumptions!BK56*Revenue!BQ$10 -> 130946460
A18: =Assumptions!A58 -> Employee Benefit | B18: INR | D18: =SUM(J18:U18) -> 5478000 | E18: =SUM(V18:AG18) -> 5478000 | F18: =SUM(AH18:AS18) -> 5478000 | G18: =SUM(AT18:BE18) -> 5478000 | H18: =SUM(BF18:BQ18) -> 5478000 | J18: =Assumptions!D58*(Salary!$C$82/12) -> 456500 | K18: =Assumptions!E58*(Salary!$C$82/12) -> 456500 | L18: =Assumptions!F58*(Salary!$C$82/12) -> 456500 | M18: =Assumptions!G58*(Salary!$C$82/12) -> 456500 | N18: =Assumptions!H58*(Salary!$C$82/12) -> 456500 | O18: =Assumptions!I58*(Salary!$C$82/12) -> 456500 | P18: =Assumptions!J58*(Salary!$C$82/12) -> 456500 | Q18: =Assumptions!K58*(Salary!$C$82/12) -> 456500 | ... BQ18: =Assumptions!BK58*(Salary!$C$82/12) -> 456500
A19: =Assumptions!A60 -> Reasearch and development | D19: =SUM(J19:U19) -> 2623520 | E19: =SUM(V19:AG19) -> 22971280 | F19: =SUM(AH19:AS19) -> 100832400 | G19: =SUM(AT19:BE19) -> 328495320 | H19: =SUM(BF19:BQ19) -> 777869600 | J19: =Assumptions!D60*Revenue!J10 -> 11200 | K19: =Assumptions!E60*Revenue!K10 -> 26720 | L19: =Assumptions!F60*Revenue!L10 -> 47440 | M19: =Assumptions!G60*Revenue!M10 -> 73840 | N19: =Assumptions!H60*Revenue!N10 -> 106400 | O19: =Assumptions!I60*Revenue!O10 -> 146160 | P19: =Assumptions!J60*Revenue!P10 -> 193760 | Q19: =Assumptions!K60*Revenue!Q10 -> 249840 | ... BQ19: =Assumptions!BK60*Revenue!BQ10 -> 87297640
A20: Indirect expense - total | B20: INR | D20: =SUM(J20:U20) -> 14913850 | E20: =SUM(V20:AG20) -> 71842900 | F20: =SUM(AH20:AS20) -> 2.7474475e+08 | G20: =SUM(AT20:BE20) -> 8.5504138e+08 | H20: =SUM(BF20:BQ20) -> 1.9928403e+09 | J20: =SUM(J11:J19) -> 563683.33 | K20: =SUM(K11:K19) -> 631668.33 | L20: =SUM(L11:L19) -> 712655.83 | M20: =SUM(M11:M19) -> 807845.83 | N20: =SUM(N11:N19) -> 918438.33 | O20: =SUM(O11:O19) -> 1047034.2 | P20: =SUM(P11:P19) -> 1195233.3 | Q20: =SUM(Q11:Q19) -> 1364635.8 | ... BQ20: =SUM(BQ11:BQ19) -> 2.2271114e+08
A22: Other expense
A23: =Assumptions!A64 -> Legal charges | B23: INR | D23: =SUM(J23:U23) -> 60000 | E23: =SUM(V23:AG23) -> 66000 | F23: =SUM(AH23:AS23) -> 72600 | G23: =SUM(AT23:BE23) -> 79860 | H23: =SUM(BF23:BQ23) -> 87846 | J23: =Assumptions!D64 -> 5000 | K23: =Assumptions!E64 -> 5000 | L23: =Assumptions!F64 -> 5000 | M23: =Assumptions!G64 -> 5000 | N23: =Assumptions!H64 -> 5000 | O23: =Assumptions!I64 -> 5000 | P23: =Assumptions!J64 -> 5000 | Q23: =Assumptions!K64 -> 5000 | ... BQ23: =Assumptions!BK64 -> 7320.5
A24: =Assumptions!A66 -> Audit Consultation | B24: INR | D24: =SUM(J24:U24) -> 96000 | E24: =SUM(V24:AG24) -> 105600 | F24: =SUM(AH24:AS24) -> 116160 | G24: =SUM(AT24:BE24) -> 127776 | H24: =SUM(BF24:BQ24) -> 140553.6 | J24: =Assumptions!D66 -> 8000 | K24: =Assumptions!E66 -> 8000 | L24: =Assumptions!F66 -> 8000 | M24: =Assumptions!G66 -> 8000 | N24: =Assumptions!H66 -> 8000 | O24: =Assumptions!I66 -> 8000 | P24: =Assumptions!J66 -> 8000 | Q24: =Assumptions!K66 -> 8000 | ... BQ24: =Assumptions!BK66 -> 11712.8
A25: Other expense - total | B25: INR | D25: =SUM(J25:U25) -> 156000 | E25: =SUM(V25:AG25) -> 171600 | F25: =SUM(AH25:AS25) -> 188760 | G25: =SUM(AT25:BE25) -> 207636 | H25: =SUM(BF25:BQ25) -> 228399.6 | J25: =SUM(J23:J24) -> 13000 | K25: =SUM(K23:K24) -> 13000 | L25: =SUM(L23:L24) -> 13000 | M25: =SUM(M23:M24) -> 13000 | N25: =SUM(N23:N24) -> 13000 | O25: =SUM(O23:O24) -> 13000 | P25: =SUM(P23:P24) -> 13000 | Q25: =SUM(Q23:Q24) -> 13000 | ... BQ25: =SUM(BQ23:BQ24) -> 19033.3
A28: Total Expenses | B28: INR | D28: =SUM(J28:U28) -> 15069850 | E28: =SUM(V28:AG28) -> 72014500 | F28: =SUM(AH28:AS28) -> 2.7493351e+08 | G28: =SUM(AT28:BE28) -> 8.5524902e+08 | H28: =SUM(BF28:BQ28) -> 1.9930687e+09 | J28: =J25+J20+J8 -> 576683.33 | K28: =K25+K20+K8 -> 644668.33 | L28: =L25+L20+L8 -> 725655.83 | M28: =M25+M20+M8 -> 820845.83 | N28: =N25+N20+N8 -> 931438.33 | O28: =O25+O20+O8 -> 1060034.2 | P28: =P25+P20+P8 -> 1208233.3 | Q28: =Q25+Q20+Q8 -> 1377635.8 | ... BQ28: =BQ25+BQ20+BQ8 -> 2.2273017e+08

Sheet Salary
A1: All figures in INR wherever applicable
A2: Salary Sheet | C2: 1 | D2: =C2+1 -> 2 | E2: =D2+1 -> 3 | F2: =E2+1 -> 4 | G2: =F2+1 -> 5 | I2: Annual Escalation %
A4: Particulars | B4: Column
A6: Top management | B6: # of employees | C6: 2 | D6: 2 | E6: 2 | F6: 2 | G6: 2
B7: Average salary | C7: =500000*12 -> 6000000 | D7: =C7*(1+$I7) -> 6600000 | E7: =D7*(1+$I7) -> 7260000 | F7: =E7*(1+$I7) -> 7986000 | G7: =F7*(1+$I7) -> 8784600 | I7: 0.1 | K7: =C7/12 -> 500000
B8: Annual Salary | C8: =C7*C6 -> 12000000 | D8: =D7*D6 -> 13200000 | E8: =E7*E6 -> 14520000 | F8: =F7*F6 -> 15972000 | G8: =G7*G6 -> 17569200
A9: Management | B9: # of employees | C9: 0 | D9: 3 | E9: 4 | F9: 5 | G9: 5
B10: Average salary | C10: =150000*12 -> 1800000 | D10: =C10 -> 1800000 | E10: =D10*(1+$I10) -> 1980000 | F10: =E10*(1+$I10) -> 2178000 | G10: =F10*(1+$I10) -> 2395800 | I10: 0.1 | K10: =C10/12 -> 150000
B11: Annual Salary | C11: =C10*C9 -> 0 | D11: =D10*D9 -> 5400000 | E11: =E10*E9 -> 7920000 | F11: =F10*F9 -> 10890000 | G11: =G10*G9 -> 11979000
A12: VPs | B12: # of employees | C12: 2 | D12: 2 | E12: 5 | F12: 7 | G12: 8
B13: Average salary | C13: =12*75000 -> 900000 | D13: =C13*(1+$I13) -> 990000 | E13: =D13*(1+$I13) -> 1089000 | F13: =E13*(1+$I13) -> 1197900 | G13: =F13*(1+$I13) -> 1317690 | I13: 0.1 | K13: =C13/12 -> 75000
B14: Annual Salary | C14: =C13*C12 -> 1800000 | D14: =D13*D12 -> 1980000 | E14: =E13*E12 -> 5445000 | F14: =F13*F12 -> 8385300 | G14: =G13*G12 -> 10541520
A15: Admin | B15: # of employees | C15: 2 | D15: 3 | E15: 5 | F15: 5 | G15: 7
B16: Average salary | C16: =30000*12 -> 360000 | D16: =C16*(1+$I16) -> 396000 | E16: =D16*(1+$I16) -> 435600 | F16: =E16*(1+$I16) -> 479160 | G16: =F16*(1+$I16) -> 527076 | I16: 0.1 | K16: =C16/12 -> 30000
B17: Annual Salary | C17: =C16*C15 -> 720000 | D17: =D16*D15 -> 1188000 | E17: =E16*E15 -> 2178000 | F17: =F16*F15 -> 2395800 | G17: =G16*G15 -> 3689532
A18: Operations | B18: # of employees | C18: 1 | D18: 2 | E18: 3 | F18: 4 | G18: 5
B19: Average salary | C19: =35000*12 -> 420000 | D19: =C19*(1+$I19) -> 462000 | E19: =D19*(1+$I19) -> 508200 | F19: =E19*(1+$I19) -> 559020 | G19: =F19*(1+$I19) -> 614922 | I19: 0.1 | K19: =C19/12 -> 35000
B20: Annual Salary | C20: =C19*C18 -> 420000 | D20: =D19*D18 -> 924000 | E20: =E19*E18 -> 1524600 | F20: =F19*F18 -> 2236080 | G20: =G19*G18 -> 3074610
B21: # of employees
B22: Average salary | D22: =C22*(1+$I22) -> 0 | E22: =D22*(1+$I22) -> 0 | F22: =E22*(1+$I22) -> 0 | G22: =F22*(1+$I22) -> 0 | I22: 0.25 | K22: =C22/12 -> 0
B23: Annual Salary | C23: =C22*C21 -> 0 | D23: =D22*D21 -> 0 | E23: =E22*E21 -> 0 | F23: =F22*F21 -> 0 | G23: =G22*G21 -> 0
A24: Branch Manager | B24: # of employees | C24: =1*Assumptions!BN15 -> 24 | D24: =1*Assumptions!BO15 -> 60 | E24: =1*Assumptions!BP15 -> 96 | F24: =1*Assumptions!BQ15 -> 144 | G24: =1*Assumptions!BR15 -> 192
B25: Average salary | C25: =25000*12 -> 300000 | D25: =C25*(1+$I25) -> 330000 | E25: =D25*(1+$I25) -> 363000 | F25: =E25*(1+$I25) -> 399300 | G25: =F25*(1+$I25) -> 439230 | I25: 0.1 | K25: =C25/12 -> 25000
B26: Annual Salary | C26: =C25*C24 -> 7200000 | D26: =D25*D24 -> 19800000 | E26: =E25*E24 -> 34848000 | F26: =F25*F24 -> 57499200 | G26: =G25*G24 -> 84332160
A27: Field Staff | B27: # of employees | C27: =2*Assumptions!BN15 -> 48 | D27: =2*Assumptions!BO15 -> 120 | E27: =2*Assumptions!BP15 -> 192 | F27: =2*Assumptions!BQ15 -> 288 | G27: =2*Assumptions!BR15 -> 384
B28: Average salary | C28: =15000*12 -> 180000 | D28: =C28*(1+$I28) -> 198000 | E28: =D28*(1+$I28) -> 217800 | F28: =E28*(1+$I28) -> 239580 | G28: =F28*(1+$I28) -> 263538 | I28: 0.1 | K28: =C28/12 -> 15000
B29: Annual Salary | C29: =C28*C27 -> 8640000 | D29: =D28*D27 -> 23760000 | E29: =E28*E27 -> 41817600 | F29: =F28*F27 -> 68999040 | G29: =G28*G27 -> 1.0119859e+08
A30: Credit Manager | B30: # of employees | C30: 1 | D30: 3 | E30: 5 | F30: 7 | G30: 9
B31: Average salary | C31: =35000*12 -> 420000 | D31: =C31*(1+$I31) -> 462000 | E31: =D31*(1+$I31) -> 508200 | F31: =E31*(1+$I31) -> 559020 | G31: =F31*(1+$I31) -> 614922 | I31: 0.1 | K31: =C31/12 -> 35000
B32: Annual Salary | C32: =C31*C30 -> 420000 | D32: =D31*D30 -> 1386000 | E32: =E31*E30 -> 2541000 | F32: =F31*F30 -> 3913140 | G32: =G31*G30 -> 5534298
B33: # of employees | C33: 0 | D33: 0 | E33: 0 | F33: 0 | G33: 0
B34: Average salary | C34: 0 | D34: =C34*(1+$I34) -> 0 | E34: =D34*(1+$I34) -> 0 | F34: =E34*(1+$I34) -> 0 | G34: =F34*(1+$I34) -> 0 | I34: 0.1
B35: Annual Salary | C35: =C34*C33 -> 0 | D35: =D34*D33 -> 0 | E35: =E34*E33 -> 0 | F35: =F34*F33 -> 0 | G35: =G34*G33 -> 0
B36: # of employees | C36: 0 | D36: 0 | E36: 0 | F36: 0 | G36: 0
B37: Average salary | C37: 0 | D37: =C37*(1+$I37) -> 0 | E37: =D37*(1+$I37) -> 0 | F37: =E37*(1+$I37) -> 0 | G37: =F37*(1+$I37) -> 0 | I37: 0.1
B38: Annual Salary | C38: =C37*C36 -> 0 | D38: =D37*D36 -> 0 | E38: =E37*E36 -> 0 | F38: =F37*F36 -> 0 | G38: =G37*G36 -> 0
A39: legal team | B39: # of employees | C39: 1 | D39: 2 | E39: 2 | F39: 4 | G39: 5
B40: Average salary | C40: =25000*12 -> 300000 | D40: =C40*(1+$I40) -> 330000 | E40: =D40*(1+$I40) -> 363000 | F40: =E40*(1+$I40) -> 399300 | G40: =F40*(1+$I40) -> 439230 | I40: 0.1 | K40: =C40/12 -> 25000
B41: Annual Salary | C41: =C40*C39 -> 300000 | D41: =D40*D39 -> 660000 | E41: =E40*E39 -> 726000 | F41: =F40*F39 -> 1597200 | G41: =G40*G39 -> 2196150
A42: Marketing team | B42: # of employees | C42: 1 | D42: 2 | E42: 3 | F42: 3 | G42: 5
B43: Average salary | C43: =25000*12 -> 300000 | D43: =C43*(1+$I43) -> 330000 | E43: =D43*(1+$I43) -> 363000 | F43: =E43*(1+$I43) -> 399300 | G43: =F43*(1+$I43) -> 439230 | I43: 0.1 | K43: =C43/12 -> 25000
B44: Annual Salary | C44: =C43*C42 -> 300000 | D44: =D43*D42 -> 660000 | E44: =E43*E42 -> 1089000 | F44: =F43*F42 -> 1197900 | G44: =G43*G42 -> 2196150
A45: Finance team | B45: # of employees | C45: 2 | D45: 3 | E45: 6 | F45: 7 | G45: 9
B46: Average salary | C46: =30000*12 -> 360000 | D46: =C46*(1+$I46) -> 396000 | E46: =D46*(1+$I46) -> 435600 | F46: =E46*(1+$I46) -> 479160 | G46: =F46*(1+$I46) -> 527076 | I46: 0.1 | K46: =C46/12 -> 30000
B47: Annual Salary | C47: =C46*C45 -> 720000 | D47: =D46*D45 -> 1188000 | E47: =E46*E45 -> 2613600 | F47: =F46*F45 -> 3354120 | G47: =G46*G45 -> 4743684
A48: HR | B48: # of employees | C48: 1 | D48: 2 | E48: 3 | F48: 3 | G48: 5
B49: Average salary | C49: =25000*12 -> 300000 | D49: =C49*(1+$I49) -> 330000 | E49: =D49*(1+$I49) -> 363000 | F49: =E49*(1+$I49) -> 399300 | G49: =F49*(1+$I49) -> 439230 | I49: 0.1 | K49: =C49/12 -> 25000
B50: Annual Salary | C50: =C49*C48 -> 300000 | D50: =D49*D48 -> 660000 | E50: =E49*E48 -> 1089000 | F50: =F49*F48 -> 1197900 | G50: =G49*G48 -> 2196150
B51: # of employees
B52: Average salary | D52: =C52*(1+$I52) -> 0 | E52: =D52*(1+$I52) -> 0 | F52: =E52*(1+$I52) -> 0 | G52: =F52*(1+$I52) -> 0 | I52: 0.1 | K52: =C52/12 -> 0
B53: Annual Salary | C53: =C52*C51 -> 0 | D53: =D52*D51 -> 0 | E53: =E52*E51 -> 0 | F53: =F52*F51 -> 0 | G53: =G52*G51 -> 0
B54: # of employees
B55: Average salary | D55: =C55*(1+$I55) -> 0 | E55: =D55*(1+$I55) -> 0 | F55: =E55*(1+$I55) -> 0 | G55: =F55*(1+$I55) -> 0 | I55: 0.1 | K55: =C55/12 -> 0
B56: Annual Salary | C56: =C55*C54 -> 0 | D56: =D55*D54 -> 0 | E56: =E55*E54 -> 0 | F56: =F55*F54 -> 0 | G56: =G55*G54 -> 0
B57: # of employees | C57: 0 | D57: 0 | E57: 0 | F57: 0 | G57: 0
B58: Average salary | C58: 0 | D58: =C58*(1+$I58) -> 0 | E58: =D58*(1+$I58) -> 0 | F58: =E58*(1+$I58) -> 0 | G58: =F58*(1+$I58) -> 0 | I58: 0.1 | K58: =C58/12 -> 0
B59: Annual Salary | C59: =C58*C57 -> 0 | D59: =D58*D57 -> 0 | E59: =E58*E57 -> 0 | F59: =F58*F57 -> 0 | G59: =G58*G57 -> 0
B60: # of employees | C60: 0 | D60: 0 | E60: 0 | F60: 0 | G60: 0
B61: Average salary | C61: 0 | D61: =C61*(1+$I61) -> 0 | E61: =D61*(1+$I61) -> 0 | F61: =E61*(1+$I61) -> 0 | G61: =F61*(1+$I61) -> 0 | I61: 0.1 | K61: =C61/12 -> 0
B62: Annual Salary | C62: =C61*C60 -> 0 | D62: =D61*D60 -> 0 | E62: =E61*E60 -> 0 | F62: =F61*F60 -> 0 | G62: =G61*G60 -> 0
B63: # of employees | C63: 0 | D63: 0 | E63: 0 | F63: 0 | G63: 0
B64: Average salary | C64: 0 | D64: =C64*(1+$I64) -> 0 | E64: =D64*(1+$I64) -> 0 | F64: =E64*(1+$I64) -> 0 | G64: =F64*(1+$I64) -> 0 | I64: 0.1 | K64: =C64/12 -> 0
B65: Annual Salary | C65: =C64*C63 -> 0 | D65: =D64*D63 -> 0 | E65: =E64*E63 -> 0 | F65: =F64*F63 -> 0 | G65: =G64*G63 -> 0
B66: # of employees | C66: 0 | D66: 0 | E66: 0 | F66: 0 | G66: 0
B67: Average salary | C67: 0 | D67: =C67*(1+$I67) -> 0 | E67: =D67*(1+$I67) -> 0 | F67: =E67*(1+$I67) -> 0 | G67: =F67*(1+$I67) -> 0 | I67: 0.1 | K67: =C67/12 -> 0
B68: Annual Salary | C68: =C67*C66 -> 0 | D68: =D67*D66 -> 0 | E68: =E67*E66 -> 0 | F68: =F67*F66 -> 0 | G68: =G67*G66 -> 0
A69: Regional Head | B69: # of employees | C69: 0 | D69: 8 | E69: 8 | F69: 8 | G69: 8
B70: Average salary | C70: =1500000 -> 1500000 | D70: =C70 -> 1500000 | E70: =D70*(1+$I70) -> 1650000 | F70: =E70*(1+$I70) -> 1815000 | G70: =F70*(1+$I70) -> 1996500 | I70: 0.1 | K70: =C70/12 -> 125000
B71: Annual Salary | C71: =C70*C69 -> 0 | D71: =D70*D69 -> 12000000 | E71: =E70*E69 -> 13200000 | F71: =F70*F69 -> 14520000 | G71: =G70*G69 -> 15972000
A72: Zonal Head | B72: # of employees | C72: 0 | D72: 4 | E72: 4 | F72: 4 | G72: 4
B73: Average salary | C73: =2000000 -> 2000000 | D73: =C73 -> 2000000 | E73: =D73*(1+$I73) -> 2200000 | F73: =E73*(1+$I73) -> 2420000 | G73: =F73*(1+$I73) -> 2662000 | I73: 0.1 | K73: =C73/12 -> 166666.67
B74: Annual Salary | C74: =C73*C72 -> 0 | D74: =D73*D72 -> 8000000 | E74: =E73*E72 -> 8800000 | F74: =F73*F72 -> 9680000 | G74: =G73*G72 -> 10648000
A75: National Sales Head | B75: # of employees | C75: 1 | D75: 1 | E75: 1 | F75: 1 | G75: 1
B76: Average salary | C76: =2500000 -> 2500000 | D76: =C76*(1+$I76) -> 2750000 | E76: =D76*(1+$I76) -> 3025000 | F76: =E76*(1+$I76) -> 3327500 | G76: =F76*(1+$I76) -> 3660250 | I76: 0.1 | K76: =C76/12 -> 208333.33
B77: Annual Salary | C77: =C76*C75 -> 2500000 | D77: =D76*D75 -> 2750000 | E77: =E76*E75 -> 3025000 | F77: =F76*F75 -> 3327500 | G77: =G76*G75 -> 3660250
A78: Tech | B78: # of employees | C78: 4 | D78: 5 | E78: 6 | F78: 6 | G78: 7
B79: Average salary | C79: =25000*12 -> 300000 | D79: =C79*(1+$I79) -> 330000 | E79: =D79*(1+$I79) -> 363000 | F79: =E79*(1+$I79) -> 399300 | G79: =F79*(1+$I79) -> 439230 | I79: 0.1 | K79: =C79/12 -> 25000
B80: Annual Salary | C80: =C79*C78 -> 1200000 | D80: =D79*D78 -> 1650000 | E80: =E79*E78 -> 2178000 | F80: =F79*F78 -> 2395800 | G80: =G79*G78 -> 3074610
B82: Total Salary | C82: =SUM(C8,C17,C20,C23,C26,C29,C32,C35,C38,C41,C44,C47,C50,C53,C56,C59,C62,C65,C68,C71,C74,C77,C80,C14,C11) -> 36520000 | D82: =SUM(D8,D17,D20,D23,D26,D29,D32,D35,D38,D41,D44,D47,D50,D53,D56,D59,D62,D65,D68,D71,D74,D77,D80,D14,D11) -> 95206000 | E82: =SUM(E8,E17,E20,E23,E26,E29,E32,E35,E38,E41,E44,E47,E50,E53,E56,E59,E62,E65,E68,E71,E74,E77,E80,E14,E11) -> 1.435148e+08 | F82: =SUM(F8,F17,F20,F23,F26,F29,F32,F35,F38,F41,F44,F47,F50,F53,F56,F59,F62,F65,F68,F71,F74,F77,F80,F14,F11) -> 2.0756098e+08 | G82: =SUM(G8,G17,G20,G23,G26,G29,G32,G35,G38,G41,G44,G47,G50,G53,G56,G59,G62,G65,G68,G71,G74,G77,G80,G14,G11) -> 2.8260591e+08
B84: Total Employees | C84: =SUM(C6,C15,C18,C21,C24,C27,C30,C33,C36,C39,C42,C45,C48,C51,C54,C57,C60,C63,C66,C69,C72,C75,C78,C12,C9) -> 90 | D84: =SUM(D6,D15,D18,D21,D24,D27,D30,D33,D36,D39,D42,D45,D48,D51,D54,D57,D60,D63,D66,D69,D72,D75,D78,D12,D9) -> 222 | E84: =SUM(E6,E15,E18,E21,E24,E27,E30,E33,E36,E39,E42,E45,E48,E51,E54,E57,E60,E63,E66,E69,E72,E75,E78,E12,E9) -> 345 | F84: =SUM(F6,F15,F18,F21,F24,F27,F30,F33,F36,F39,F42,F45,F48,F51,F54,F57,F60,F63,F66,F69,F72,F75,F78,F12,F9) -> 498 | G84: =SUM(G6,G15,G18,G21,G24,G27,G30,G33,G36,G39,G42,G45,G48,G51,G54,G57,G60,G63,G66,G69,G72,G75,G78,G12,G9) -> 656
B85: New | C85: =C84 -> 90 | D85: =D84-C84 -> 132 | E85: =E84-D84 -> 123 | F85: =F84-E84 -> 153 | G85: =G84-F84 -> 158

Sheet Capex
A1: All figures in INR wherever applicable
A2: Capex | C2: =Salary!C2 -> 1 | D2: =Salary!D2 -> 2 | E2: =Salary!E2 -> 3 | F2: =Salary!F2 -> 4 | G2: =Salary!G2 -> 5
A4: Assets
A6: Opening balance | C6: =SUM(C14,C20,C26,C32,C38,C44,C50) -> 0 | D6: =SUM(D14,D20,D26,D32,D38,D44,D50) -> 9206315.5 | E6: =SUM(E14,E20,E26,E32,E38,E44,E50) -> 1.1263444e+08 | F6: =SUM(F14,F20,F26,F32,F38,F44,F50) -> 1.1630127e+08 | G6: =SUM(G14,G20,G26,G32,G38,G44,G50) -> 1.210168e+08
A7: Add: Net additions during the year | C7: =SUM(C15,C21,C27,C33,C39,C45,C51) -> 10020000 | D7: =SUM(D15,D21,D27,D33,D39,D45,D51) -> 105025000 | E7: =SUM(E15,E21,E27,E33,E39,E45,E51) -> 6030000 | F7: =SUM(F15,F21,F27,F33,F39,F45,F51) -> 8040000 | G7: =SUM(G15,G21,G27,G33,G39,G45,G51) -> 8040000
A8: Less: Depreciation during the year | C8: =SUM(C16,C22,C28,C34,C40,C46,C52) -> 813684.48 | D8: =SUM(D16,D22,D28,D34,D40,D46,D52) -> 1596880.3 | E8: =SUM(E16,E22,E28,E34,E40,E46,E52) -> 2363165.6 | F8: =SUM(F16,F22,F28,F34,F40,F46,F52) -> 3324471 | G8: =SUM(G16,G22,G28,G34,G40,G46,G52) -> 4020703.9
A9: Closing balance | C9: =SUM(C17,C23,C29,C35,C41,C47,C53) -> 9206315.5 | D9: =SUM(D17,D23,D29,D35,D41,D47,D53) -> 1.1263444e+08 | E9: =SUM(E17,E23,E29,E35,E41,E47,E53) -> 1.1630127e+08 | F9: =SUM(F17,F23,F29,F35,F41,F47,F53) -> 1.210168e+08 | G9: =SUM(G17,G23,G29,G35,G41,G47,G53) -> 1.2503609e+08
A11: Working note
A13: Computer system and Printer
A14: Opening balance | D14: =C17 -> 624000 | E14: =D17 -> 1185600 | F14: =E17 -> 1706640 | G14: =F17 -> 2357316
A15: Add: Net additions during the year | C15: =48000*Assumptions!BN14 -> 960000 | D15: =48000*Assumptions!BO14 -> 1200000 | E15: =48000*Assumptions!BP14 -> 1440000 | F15: =48000*Assumptions!BQ14 -> 1920000 | G15: =48000*Assumptions!BR14 -> 1920000
A16: Less: Depreciation during the year | B16: 0.35 | C16: =SUM(C14:C15)*$B16 -> 336000 | D16: =SUM(D14:D15)*$B16 -> 638400 | E16: =SUM(E14:E15)*$B16 -> 918960 | F16: =SUM(F14:F15)*$B16 -> 1269324 | G16: =SUM(G14:G15)*$B16 -> 1497060.6
A17: Closing balance | C17: =C14+C15-C16 -> 624000 | D17: =D14+D15-D16 -> 1185600 | E17: =E14+E15-E16 -> 1706640 | F17: =F14+F15-F16 -> 2357316 | G17: =G14+G15-G16 -> 2780255.4
A19: Office infrastructure
A20: Opening balance | D20: =C23 -> 1022315.5 | E20: =D23 -> 2148835.2 | F20: =E23 -> 3364129.6 | G20: =F23 -> 4910632.6
A21: Add: Net additions during the year | C21: =60000*Assumptions!BN14 -> 1200000 | D21: =60000*Assumptions!BO14 -> 1500000 | E21: =60000*Assumptions!BP14 -> 1800000 | F21: =60000*Assumptions!BQ14 -> 2400000 | G21: =60000*Assumptions!BR14 -> 2400000
A22: Less: Depreciation during the year | B22: 0.1480704 | C22: =SUM(C20:C21)*$B22 -> 177684.48 | D22: =SUM(D20:D21)*$B22 -> 373480.28 | E22: =SUM(E20:E21)*$B22 -> 584705.63 | F22: =SUM(F20:F21)*$B22 -> 853497 | G22: =SUM(G20:G21)*$B22 -> 1082488.3
A23: Closing balance | C23: =C20+C21-C22 -> 1022315.5 | D23: =D20+D21-D22 -> 2148835.2 | E23: =E20+E21-E22 -> 3364129.6 | F23: =F20+F21-F22 -> 4910632.6 | G23: =G20+G21-G22 -> 6228144.3
A25: Furniture
A26: Opening balance | D26: =C29 -> 700000 | E26: =D29 -> 1365000 | F26: =E29 -> 2005500 | G26: =F29 -> 2803850
A27: Add: Net additions during the year | C27: =50000*Assumptions!BN14 -> 1000000 | D27: =50000*Assumptions!BO14 -> 1250000 | E27: =50000*Assumptions!BP14 -> 1500000 | F27: =50000*Assumptions!BQ14 -> 2000000 | G27: =50000*Assumptions!BR14 -> 2000000
A28: Less: Depreciation during the year | B28: 0.3 | C28: =SUM(C26:C27)*$B28 -> 300000 | D28: =SUM(D26:D27)*$B28 -> 585000 | E28: =SUM(E26:E27)*$B28 -> 859500 | F28: =SUM(F26:F27)*$B28 -> 1201650 | G28: =SUM(G26:G27)*$B28 -> 1441155
A29: Closing balance | C29: =C26+C27-C28 -> 700000 | D29: =D26+D27-D28 -> 1365000 | E29: =E26+E27-E28 -> 2005500 | F29: =F26+F27-F28 -> 2803850 | G29: =G26+G27-G28 -> 3362695
A31: Security Deposite
A32: Opening balance | D32: =C35 -> 860000 | E32: =D35 -> 1935000 | F32: =E35 -> 3225000 | G32: =F35 -> 4945000
A33: Add: Net additions during the year | C33: =43000*Assumptions!BN14 -> 860000 | D33: =43000*Assumptions!BO14 -> 1075000 | E33: =43000*Assumptions!BP14 -> 1290000 | F33: =43000*Assumptions!BQ14 -> 1720000 | G33: =43000*Assumptions!BR14 -> 1720000
A34: Less: Depreciation during the year | B34: 0 | C34: =SUM(C32:C33)*$B34 -> 0 | D34: =SUM(D32:D33)*$B34 -> 0 | E34: =SUM(E32:E33)*$B34 -> 0 | F34: =SUM(F32:F33)*$B34 -> 0 | G34: =SUM(G32:G33)*$B34 -> 0
A35: Closing balance | C35: =C32+C33-C34 -> 860000 | D35: =D32+D33-D34 -> 1935000 | E35: =E32+E33-E34 -> 3225000 | F35: =F32+F33-F34 -> 4945000 | G35: =G32+G33-G34 -> 6665000
A37: NBFC License
A38: Opening balance | D38: =C41 -> 0 | E38: =D41 -> 50000000 | F38: =E41 -> 50000000 | G38: =F41 -> 50000000
A39: Add: Net additions during the year | D39: 50000000
A40: Less: Depreciation during the year | B40: 0 | C40: =SUM(C38:C39)*$B40 -> 0 | D40: =SUM(D38:D39)*$B40 -> 0 | E40: =SUM(E38:E39)*$B40 -> 0 | F40: =SUM(F38:F39)*$B40 -> 0 | G40: =SUM(G38:G39)*$B40 -> 0
A41: Closing balance | C41: =C38+C39-C40 -> 0 | D41: =D38+D39-D40 -> 50000000 | E41: =E38+E39-E40 -> 50000000 | F41: =F38+F39-F40 -> 50000000 | G41: =G38+G39-G40 -> 50000000
A43: Authorities
A44: Opening balance | D44: =C47 -> 0 | E44: =D47 -> 50000000 | F44: =E47 -> 50000000 | G44: =F47 -> 50000000
A45: Add: Net additions during the year | D45: 50000000
A46: Less: Depreciation during the year | B46: 0 | C46: =SUM(C44:C45)*$B46 -> 0 | D46: =SUM(D44:D45)*$B46 -> 0 | E46: =SUM(E44:E45)*$B46 -> 0 | F46: =SUM(F44:F45)*$B46 -> 0 | G46: =SUM(G44:G45)*$B46 -> 0
A47: Closing balance | C47: =C44+C45-C46 -> 0 | D47: =D44+D45-D46 -> 50000000 | E47: =E44+E45-E46 -> 50000000 | F47: =F44+F45-F46 -> 50000000 | G47: =G44+G45-G46 -> 50000000
A49: Softwares
A50: Opening balance | D50: =C53 -> 6000000 | E50: =D53 -> 6000000 | F50: =E53 -> 6000000 | G50: =F53 -> 6000000
A51: Add: Net additions during the year | C51: 6000000
A52: Less: Depreciation during the year | B52: 0 | C52: =SUM(C50:C51)*$B52 -> 0 | D52: =SUM(D50:D51)*$B52 -> 0 | E52: =SUM(E50:E51)*$B52 -> 0 | F52: =SUM(F50:F51)*$B52 -> 0 | G52: =SUM(G50:G51)*$B52 -> 0
A53: Closing balance | C53: =C50+C51-C52 -> 6000000 | D53: =D50+D51-D52 -> 6000000 | E53: =E50+E51-E52 -> 6000000 | F53: =F50+F51-F52 -> 6000000 | G53: =G50+G51-G52 -> 6000000

Sheet Income Statement
A1: All figures in INR wherever applicable
A2: Income Statement | C2: 1 | D2: =C2+1 -> 2 | E2: =D2+1 -> 3 | F2: =E2+1 -> 4 | G2: =F2+1 -> 5
A4: Net Revenue | C4: =Revenue!D10 -> 26235200 | D4: =Revenue!E10 -> 229712800 | E4: =Revenue!F10 -> 1008324000 | F4: =Revenue!G10 -> 3284953200 | G4: =Revenue!H10 -> 7778696000
A5: Cost of Sales | C5: =Cost!D8 -> 0 | D5: =Cost!E8 -> 0 | E5: =Cost!F8 -> 0 | F5: =Cost!G8 -> 0 | G5: =Cost!H8 -> 0
A7: Gross Profit | C7: =C4-C5 -> 26235200 | D7: =D4-D5 -> 229712800 | E7: =E4-E5 -> 1008324000 | F7: =F4-F5 -> 3284953200 | G7: =G4-G5 -> 7778696000
A8: Gross Profit % to Sales | C8: =C7/C$4 -> 1 | D8: =D7/D$4 -> 1 | E8: =E7/E$4 -> 1 | F8: =F7/F$4 -> 1 | G8: =G7/G$4 -> 1
A9: Selling, General & Admin Expense
A10: Indirect costs | C10: =Cost!D20 -> 14913850 | D10: =Cost!E20 -> 71842900 | E10: =Cost!F20 -> 2.7474475e+08 | F10: =Cost!G20 -> 8.5504138e+08 | G10: =Cost!H20 -> 1.9928403e+09
A11: Employee cost | C11: =Salary!C82 -> 36520000 | D11: =Salary!D82 -> 95206000 | E11: =Salary!E82 -> 1.435148e+08 | F11: =Salary!F82 -> 2.0756098e+08 | G11: =Salary!G82 -> 2.8260591e+08
A12: Other expenses | C12: =Cost!D25 -> 156000 | D12: =Cost!E25 -> 171600 | E12: =Cost!F25 -> 188760 | F12: =Cost!G25 -> 207636 | G12: =Cost!H25 -> 228399.6
A13: Selling, General & Admin Expense - Sub-total | C13: =SUM(C10:C12) -> 51589850 | D13: =SUM(D10:D12) -> 167220500 | E13: =SUM(E10:E12) -> 4.1844831e+08 | F13: =SUM(F10:F12) -> 1.06281e+09 | G13: =SUM(G10:G12) -> 2.2756746e+09
A15: EBITDA | C15: =C7-C13 -> -25354650 | D15: =D7-D13 -> 62492300 | E15: =E7-E13 -> 5.8987569e+08 | F15: =F7-F13 -> 2222143204 | G15: =G7-G13 -> 5.5030214e+09
A16: EBITDA % to Sales | C16: =C15/C$4 -> -0.96643631 | D16: =D15/D$4 -> 0.27204535 | E16: =E15/E$4 -> 0.5850061 | F16: =F15/F$4 -> 0.67646115 | G16: =G15/G$4 -> 0.7074478
A17: Depreciation & Amortisation | C17: =Capex!C8 -> 813684.48 | D17: =Capex!D8 -> 1596880.3 | E17: =Capex!E8 -> 2363165.6 | F17: =Capex!F8 -> 3324471 | G17: =Capex!G8 -> 4020703.9
A19: EBIT | C19: =C15-C17 -> -26168334 | D19: =D15-D17 -> 60895420 | E19: =E15-E17 -> 5.8751253e+08 | F19: =F15-F17 -> 2.2188187e+09 | G19: =G15-G17 -> 5.4990007e+09
A20: EBIT % to Sales | C20: =C19/C$4 -> -0.99745131 | D20: =D19/D$4 -> 0.26509372 | E20: =E19/E$4 -> 0.58266245 | F20: =F19/F$4 -> 0.67544912 | G20: =G19/G$4 -> 0.70693092
A21: Interest & Bank Charges (Long-term)
A23: Profit before Tax (PBT) | C23: =C19-C21 -> -26168334 | D23: =D19-D21 -> 60895420 | E23: =E19-E21 -> 5.8751253e+08 | F23: =F19-F21 -> 2.2188187e+09 | G23: =G19-G21 -> 5.4990007e+09
A24: PBT % to Sales | C24: =C23/C$4 -> -0.99745131 | D24: =D23/D$4 -> 0.26509372 | E24: =E23/E$4 -> 0.58266245 | F24: =F23/F$4 -> 0.67544912 | G24: =G23/G$4 -> 0.70693092
A25: Income Tax Expense | B25: 0.25 | C25: =IF(C23>0,C23*$B$25,0) -> 0 | D25: =IF(D23>0,D23*$B$25,0) -> 15223855 | E25: =IF(E23>0,E23*$B$25,0) -> 1.4687813e+08 | F25: =IF(F23>0,F23*$B$25,0) -> 5.5470468e+08 | G25: =IF(G23>0,G23*$B$25,0) -> 1.3747502e+09
A27: Profit after Tax (PAT) | C27: =C23-C25 -> -26168334 | D27: =D23-D25 -> 45671565 | E27: =E23-E25 -> 4.406344e+08 | F27: =F23-F25 -> 1.664114e+09 | G27: =G23-G25 -> 4.1242505e+09
A28: PAT % to Sales | C28: =C27/C$4 -> -0.99745131 | D28: =D27/D$4 -> 0.19882029 | E28: =E27/E$4 -> 0.43699683 | F28: =F27/F$4 -> 0.50658684 | G28: =G27/G$4 -> 0.53019819

Sheet Balance Sheet
A1: All figures in INR wherever applicable
A2: Balance Sheet | C2: ='Income Statement'!C2 -> 1 | D2: ='Income Statement'!D2 -> 2 | E2: ='Income Statement'!E2 -> 3 | F2: ='Income Statement'!F2 -> 4 | G2: ='Income Statement'!G2 -> 5
A4: Liabilities
A5: Sources of Funds
A6: Share Capital | C6: 100000 | D6: 100000 | E6: 100000 | F6: 100000 | G6: 100000
A7: Reserves and Surplus | C7: ='Income Statement'!C27 -> -26168334 | D7: ='Income Statement'!D27+'Balance Sheet'!C7 -> 19503230 | E7: ='Income Statement'!E27+'Balance Sheet'!D7 -> 4.6013763e+08 | F7: ='Income Statement'!F27+'Balance Sheet'!E7 -> 2.1242517e+09 | G7: ='Income Statement'!G27+'Balance Sheet'!F7 -> 6.2485022e+09
A8: Sources of funds - Sub-total | C8: =SUM(C6:C7) -> -26068334 | D8: =SUM(D6:D7) -> 19603230 | E8: =SUM(E6:E7) -> 4.6023763e+08 | F8: =SUM(F6:F7) -> 2.1243517e+09 | G8: =SUM(G6:G7) -> 6.2486022e+09
A10: Non-Current Liabilities
A11: Loan
A12: Deferred Tax Liability
A13: Non-Current Liabilities - Sub-total | C13: =C11+C12 -> 0 | D13: =D11+D12 -> 0 | E13: =E11+E12 -> 0 | F13: =F11+F12 -> 0 | G13: =G11+G12 -> 0
A15: Current Liabilities and Provisions
A16: Interest Paid
A17: Short-term Borrowings
A18: Sundry Creditors/Trade payables | C18: =C58 -> 0 | D18: =D58 -> 0 | E18: =E58 -> 0 | F18: =F58 -> 0 | G18: =G58 -> 0
A19: Accrued Expenses & Other Current Liabilities
A20: Tax Provision | C20: ='Income Statement'!C25 -> 0 | D20: ='Income Statement'!D25 -> 15223855 | E20: ='Income Statement'!E25 -> 1.4687813e+08 | F20: ='Income Statement'!F25 -> 5.5470468e+08 | G20: ='Income Statement'!G25 -> 1.3747502e+09
A21: Current Liabilities and Provisions - Sub-total | C21: =SUM(C16:C20) -> 0 | D21: =SUM(D16:D20) -> 15223855 | E21: =SUM(E16:E20) -> 1.4687813e+08 | F21: =SUM(F16:F20) -> 5.5470468e+08 | G21: =SUM(G16:G20) -> 1.3747502e+09
A23: Liabilities - Total | C23: =C8+C13+C21 -> -26068334 | D23: =D8+D13+D21 -> 34827085 | E23: =E8+E13+E21 -> 6.0711576e+08 | F23: =F8+F13+F21 -> 2.6790564e+09 | G23: =G8+G13+G21 -> 7.6233524e+09
A25: Assets
A26: Application of Funds
A27: Fixed Assets
A28: Tangibles & Intangibles | C28: =Capex!C9 -> 9206315.5 | D28: =Capex!D9 -> 1.1263444e+08 | E28: =Capex!E9 -> 1.1630127e+08 | F28: =Capex!F9 -> 1.210168e+08 | G28: =Capex!G9 -> 1.2503609e+08
A29: Deferred Tax Asset (Net)
A30: Other non Current Assets
A31: Application of Funds - Sub-total | C31: =SUM(C28:C30) -> 9206315.5 | D31: =SUM(D28:D30) -> 1.1263444e+08 | E31: =SUM(E28:E30) -> 1.1630127e+08 | F31: =SUM(F28:F30) -> 1.210168e+08 | G31: =SUM(G28:G30) -> 1.2503609e+08
A33: Current Assets, Loans and Advances
A34: Cash & Bank Balance | C34: ='Cash Flow Statements'!C36 -> -52525192 | D34: ='Cash Flow Statements'!D36 -> -2.2885138e+08 | E34: ='Cash Flow Statements'!E36 -> -1.7219307e+08 | F34: ='Cash Flow Statements'!F36 -> 3.9807033e+08 | G34: ='Cash Flow Statements'!G36 -> 2.3835573e+09
A35: Trade Receivables | C35: =C59 -> 17250542 | D35: =D59 -> 1.5104403e+08 | E35: =E59 -> 6.6300756e+08 | F35: =F59 -> 2.1599692e+09 | G35: =G59 -> 5.114759e+09
A36: Other Current Assets
A37: Inventories | C37: =C60 -> 0 | D37: =D60 -> 0 | E37: =E60 -> 0 | F37: =F60 -> 0 | G37: =G60 -> 0
A38: Current Assets, Loans and Advances - Sub-total | C38: =SUM(C34:C37) -> -35274650 | D38: =SUM(D34:D37) -> -77807350 | E38: =SUM(E34:E37) -> 4.9081449e+08 | F38: =SUM(F34:F37) -> 2.5580396e+09 | G38: =SUM(G34:G37) -> 7.4983163e+09
A40: Assets - Total | C40: =C31+C38 -> -26068334 | D40: =D31+D38 -> 34827085 | E40: =E31+E38 -> 6.0711576e+08 | F40: =F31+F38 -> 2.6790564e+09 | G40: =G31+G38 -> 7.6233524e+09
A42: Net Current Assets | C42: =C38-C21 -> -35274650 | D42: =D38-D21 -> -93031205 | E42: =E38-E21 -> 3.4393636e+08 | F42: =F38-F21 -> 2.0033349e+09 | G42: =G38-G21 -> 6.1235661e+09
A44: Changes to Working Capital
A45: Current Assets (Net of Cash) | C45: =SUM(C35:C37) -> 17250542 | D45: =SUM(D35:D37) -> 1.5104403e+08 | E45: =SUM(E35:E37) -> 6.6300756e+08 | F45: =SUM(F35:F37) -> 2.1599692e+09 | G45: =SUM(G35:G37) -> 5.114759e+09
A46: Current Liabilities | C46: =SUM(C18:C19) -> 0 | D46: =SUM(D18:D19) -> 0 | E46: =SUM(E18:E19) -> 0 | F46: =SUM(F18:F19) -> 0 | G46: =SUM(G18:G19) -> 0
A47: Working Capital Requirement (Net of Cash) | C47: =C45-C46 -> 17250542 | D47: =D45-D46 -> 1.5104403e+08 | E47: =E45-E46 -> 6.6300756e+08 | F47: =F45-F46 -> 2.1599692e+09 | G47: =G45-G46 -> 5.114759e+09
A49: Check | C49: =C40-C23 -> 0 | D49: =D40-D23 -> 0 | E49: =E40-E23 -> 0 | F49: =F40-F23 -> 0 | G49: =G40-G23 -> 0
C53: Days
A54: DPO | C54: 0
A55: DSO | C55: 240
A56: DIO | C56: 0
A58: AP | C58: =($C$54*Cost!D8)/365 -> 0 | D58: =($C$54*Cost!E8)/365 -> 0 | E58: =($C$54*Cost!F8)/365 -> 0 | F58: =($C$54*Cost!G8)/365 -> 0 | G58: =($C$54*Cost!H8)/365 -> 0
A59: AR | C59: =($C$55*Revenue!D10)/365 -> 17250542 | D59: =($C$55*Revenue!E10)/365 -> 1.5104403e+08 | E59: =($C$55*Revenue!F10)/365 -> 6.6300756e+08 | F59: =($C$55*Revenue!G10)/365 -> 2.1599692e+09 | G59: =($C$55*Revenue!H10)/365 -> 5.114759e+09
A60: Inventory | C60: =($C$56*Cost!D8)/365 -> 0 | D60: =($C$56*Cost!E8)/365 -> 0 | E60: =($C$56*Cost!F8)/365 -> 0 | F60: =($C$56*Cost!G8)/365 -> 0 | G60: =($C$56*Cost!H8)/365 -> 0

Sheet Cash Flow Statements
A1: All figures in INR wherever applicable
A2: Cash Flow Statements | C2: ='Income Statement'!C2 -> 1 | D2: ='Income Statement'!D2 -> 2 | E2: ='Income Statement'!E2 -> 3 | F2: ='Income Statement'!F2 -> 4 | G2: ='Income Statement'!G2 -> 5
A4: A. Cash from Operating Activities
A5: Net Profit/(Loss) after Tax | C5: ='Income Statement'!C27 -> -26168334 | D5: ='Income Statement'!D27 -> 45671565 | E5: ='Income Statement'!E27 -> 4.406344e+08 | F5: ='Income Statement'!F27 -> 1.664114e+09 | G5: ='Income Statement'!G27 -> 4.1242505e+09
A6: Adjustments for:
A7: Non-cash Adjustment
A8: Deferred Tax | C8: ='Balance Sheet'!C12 -> 0 | D8: ='Balance Sheet'!D12 -> 0 | E8: ='Balance Sheet'!E12 -> 0 | F8: ='Balance Sheet'!F12 -> 0 | G8: ='Balance Sheet'!G12 -> 0
A9: Depreciation and Amortisation | C9: ='Income Statement'!C17 -> 813684.48 | D9: ='Income Statement'!D17 -> 1596880.3 | E9: ='Income Statement'!E17 -> 2363165.6 | F9: ='Income Statement'!F17 -> 3324471 | G9: ='Income Statement'!G17 -> 4020703.9
A10: Finance cost + Borrowing cost | C10: =-'Income Statement'!C21 -> 0 | D10: =-'Income Statement'!D21 -> 0 | E10: =-'Income Statement'!E21 -> 0 | F10: =-'Income Statement'!F21 -> 0 | G10: =-'Income Statement'!G21 -> 0
A11: Non-operating Income
A12: Provision for Tax | C12: ='Balance Sheet'!C20 -> 0 | D12: ='Balance Sheet'!D20 -> 15223855 | E12: ='Balance Sheet'!E20 -> 1.4687813e+08 | F12: ='Balance Sheet'!F20 -> 5.5470468e+08 | G12: ='Balance Sheet'!G20 -> 1.3747502e+09
A13: Operating profit before changes in Working Capital | C13: =C5+SUM(C8:C12) -> -25354650 | D13: =D5+SUM(D8:D12) -> 62492300 | E13: =E5+SUM(E8:E12) -> 5.8987569e+08 | F13: =F5+SUM(F8:F12) -> 2.2221432e+09 | G13: =G5+SUM(G8:G12) -> 5.5030214e+09
A14: Changes in Working Capital:
A15: Trade Receivables | C15: =-'Balance Sheet'!C35 -> -17250542 | D15: ='Balance Sheet'!C35-'Balance Sheet'!D35 -> -1.3379349e+08 | E15: ='Balance Sheet'!D35-'Balance Sheet'!E35 -> -5.1196353e+08 | F15: ='Balance Sheet'!E35-'Balance Sheet'!F35 -> -1.4969617e+09 | G15: ='Balance Sheet'!F35-'Balance Sheet'!G35 -> -2.9547898e+09
A16: Other Current Assets | C16: =-'Balance Sheet'!C36 -> 0 | D16: ='Balance Sheet'!C36-'Balance Sheet'!D36 -> 0 | E16: ='Balance Sheet'!D36-'Balance Sheet'!E36 -> 0 | F16: ='Balance Sheet'!E36-'Balance Sheet'!F36 -> 0 | G16: ='Balance Sheet'!F36-'Balance Sheet'!G36 -> 0
A17: Closing stock | C17: =-'Balance Sheet'!C37 -> 0 | D17: ='Balance Sheet'!C37-'Balance Sheet'!D37 -> 0 | E17: ='Balance Sheet'!D37-'Balance Sheet'!E37 -> 0 | F17: ='Balance Sheet'!E37-'Balance Sheet'!F37 -> 0 | G17: ='Balance Sheet'!F37-'Balance Sheet'!G37 -> 0
A18: Tax Paid | D18: =-C12 -> 0 | E18: =-D12 -> -15223855 | F18: =-E12 -> -1.4687813e+08 | G18: =-F12 -> -5.5470468e+08
A19: Liabilities | C19: =SUM('Balance Sheet'!C17:C19) -> 0 | D19: =SUM('Balance Sheet'!D17:D19)-SUM('Balance Sheet'!C17:C19) -> 0 | E19: =SUM('Balance Sheet'!E17:E19)-SUM('Balance Sheet'!D17:D19) -> 0 | F19: =SUM('Balance Sheet'!F17:F19)-SUM('Balance Sheet'!E17:E19) -> 0 | G19: =SUM('Balance Sheet'!G17:G19)-SUM('Balance Sheet'!F17:F19) -> 0
A20: Net Cashflow from Operating Activities | C20: =SUM(C13:C19) -> -42605192 | D20: =SUM(D13:D19) -> -71301190 | E20: =SUM(E13:E19) -> 62688310 | F20: =SUM(F13:F19) -> 5.7830341e+08 | G20: =SUM(G13:G19) -> 1.9935269e+09
A22: B. Cash from Investing Activities
A23: Addition in Fixed Assets | C23: =-Capex!C7 -> -10020000 | D23: =-Capex!D7 -> -105025000 | E23: =-Capex!E7 -> -6030000 | F23: =-Capex!F7 -> -8040000 | G23: =-Capex!G7 -> -8040000
A24: Other Non-current Assets | C24: ='Balance Sheet'!C30 -> 0 | D24: ='Balance Sheet'!C30-'Balance Sheet'!D30 -> 0 | E24: ='Balance Sheet'!D30-'Balance Sheet'!E30 -> 0 | F24: ='Balance Sheet'!E30-'Balance Sheet'!F30 -> 0 | G24: ='Balance Sheet'!F30-'Balance Sheet'!G30 -> 0
A25: Other Income
A26: Net Cashflow from Investing Activities | C26: =SUM(C23:C25) -> -10020000 | D26: =SUM(D23:D25) -> -105025000 | E26: =SUM(E23:E25) -> -6030000 | F26: =SUM(F23:F25) -> -8040000 | G26: =SUM(G23:G25) -> -8040000
A28: C. Cash from Financing Activities
A29: Proceeds from issue of Equity Shares | C29: ='Balance Sheet'!C6 -> 100000
A30: Proceeds/ (Repayment) of Long-term Borrowings | C30: ='Balance Sheet'!C11 -> 0
A31: Finance Costs
A32: Net Cashflow from Financing Activities | C32: =SUM(C29:C31) -> 100000 | D32: =SUM(D29:D31) -> 0 | E32: =SUM(E29:E31) -> 0 | F32: =SUM(F29:F31) -> 0 | G32: =SUM(G29:G31) -> 0
A33: Adj. for Group Business
A34: Net Increase / (Decrease) in Cash and Cash Equivalents (A+B+C) | C34: =C20+C26+C32 -> -52525192 | D34: =D20+D26+D32 -> -1.7632619e+08 | E34: =E20+E26+E32 -> 56658310 | F34: =F20+F26+F32 -> 5.7026341e+08 | G34: =G20+G26+G32 -> 1.9854869e+09
A35: Cash and Cash Equivalents at the Beginning of the Year | D35: =C36 -> -52525192 | E35: =D36 -> -2.2885138e+08 | F35: =E36 -> -1.7219307e+08 | G35: =F36 -> 3.9807033e+08
A36: Cash and Cash Equivalents at the End of the Year | C36: =SUM(C34:C35) -> -52525192 | D36: =SUM(D34:D35) -> -2.2885138e+08 | E36: =SUM(E34:E35) -> -1.7219307e+08 | F36: =SUM(F34:F35) -> 3.9807033e+08 | G36: =SUM(G34:G35) -> 2.3835573e+09
A37: Total flow

Sheet DCF
B1: All figures in INR wherever applicable
B3: Valuation Date | C3: =WACC!C25 -> 45139
AH4: Mid Year Discounting
B5: Date of cash flows | C5: 1 | D5: =C5+1 -> 2 | E5: =D5+1 -> 3 | F5: =E5+1 -> 4 | G5: =F5+1 -> 5
B7: EBIT (Source: Income Statement) (A) | C7: ='Income Statement'!C19 -> -26168334 | D7: ='Income Statement'!D19 -> 60895420 | E7: ='Income Statement'!E19 -> 5.8751253e+08 | F7: ='Income Statement'!F19 -> 2.2188187e+09 | G7: ='Income Statement'!G19 -> 5.4990007e+09
A8: ='Income Statement'!$B$25 -> 0.25 | B8: Tax Rate (Source: Income Statement)
B9: Tax expense (B) | C9: =IF(C7>0,-C7*$A$8,0) -> 0 | D9: =IF(D7>0,-D7*$A$8,0) -> -15223855 | E9: =IF(E7>0,-E7*$A$8,0) -> -1.4687813e+08 | F9: =IF(F7>0,-F7*$A$8,0) -> -5.5470468e+08 | G9: =IF(G7>0,-G7*$A$8,0) -> -1.3747502e+09
B10: NOPAT (A - B) | C10: =C7+C9 -> -26168334 | D10: =D7+D9 -> 45671565 | E10: =E7+E9 -> 4.406344e+08 | F10: =F7+F9 -> 1.664114e+09 | G10: =G7+G9 -> 4.1242505e+09
B11: Add: Depreciation and amortisation (Source: Capex) | C11: =Capex!C8 -> 813684.48 | D11: =Capex!D8 -> 1596880.3 | E11: =Capex!E8 -> 2363165.6 | F11: =Capex!F8 -> 3324471 | G11: =Capex!G8 -> 4020703.9
B12: Add/Less: (Increase)/ Decrease in net working capital | C12: ='Balance Sheet'!C47 -> 17250542 | D12: ='Balance Sheet'!D47-'Balance Sheet'!C47 -> 1.3379349e+08 | E12: ='Balance Sheet'!E47-'Balance Sheet'!D47 -> 5.1196353e+08 | F12: ='Balance Sheet'!F47-'Balance Sheet'!E47 -> 1.4969617e+09 | G12: ='Balance Sheet'!G47-'Balance Sheet'!F47 -> 2.9547898e+09
B13: Less: Capital expenditure (Source: Cash Flow Statements) | C13: ='Cash Flow Statements'!C23 -> -10020000 | D13: ='Cash Flow Statements'!D23 -> -105025000 | E13: ='Cash Flow Statements'!E23 -> -6030000 | F13: ='Cash Flow Statements'!F23 -> -8040000 | G13: ='Cash Flow Statements'!G23 -> -8040000
B14: Debt free cash flow (Free Cash Flows to Firm) (C) | C14: =C10+C11-C12+C13 -> -52625192 | D14: =D10+D11-D12+D13 -> -1.9155005e+08 | E14: =E10+E11-E12+E13 -> -74995967 | F14: =F10+F11-F12+F13 -> 1.6243685e+08 | G14: =G10+G11-G12+G13 -> 1.1654414e+09 | H14: =G14*(1+D23) -> 1.1887503e+09
A15: =WACC!F10 -> 0.24917497 | B15: Discount rate (%) (Source: Market Return + Risk Premium)
B16: Discounting period | C16: 1 | D16: =C16+1 -> 2 | E16: =D16+1 -> 3 | F16: =E16+1 -> 4 | G16: =F16+1 -> 5
B17: Present value factor (Source: Formula) (D) | C17: =(1+$A$15)^(-C16) -> 0.80052837 | D17: =(1+$A$15)^(-D16) -> 0.64084566 | E17: =(1+$A$15)^(-E16) -> 0.51301513 | F17: =(1+$A$15)^(-F16) -> 0.41068317 | G17: =(1+$A$15)^(-G16) -> 0.32876352
B18: Present value debt free cash flow (C * D) | C18: =C14*C17 -> -42127959 | D18: =D14*D17 -> -1.2275402e+08 | E18: =E14*E17 -> -38474066 | F18: =F14*F17 -> 66710082 | G18: =G14*G17 -> 3.8315464e+08
B20: Present value for explicit period (Source: Sum of 5 year present values) (E) | D20: =SUM(C18:G18) -> 2.4650868e+08
L21: WACC
B22: Terminal value | K22: =D27 -> 1.9518333e+09 | L22: 0.21 | M22: =L22+1% -> 0.22 | N22: =M22+1% -> 0.23 | O22: =N22+1% -> 0.24 | P22: =O22+1% -> 0.25 | Q22: =P22+1% -> 0.26 | R22: =Q22+1% -> 0.27 | S22: =R22+1% -> 0.28 | T22: =S22+1% -> 0.29
B23: Long Term Growth Rate (Source: Industry Benchmark) | D23: 0.02 | K23: 0.004 | L23: 2.498379e+09 | M23: 2.2957443e+09 | N23: 2.1142727e+09 | O23: 1.9511304e+09 | P23: 1.8039514e+09 | Q23: 1.6707464e+09 | R23: 1.5498313e+09 | S23: 1.4397716e+09 | T23: 1.3393382e+09
B24: Terminal Value (Source: Formula) | D24: =H14/(A15-D23) -> 5.1870859e+09 | K24: =K23+0.4% -> 0.008 | L24: 2.5506415e+09 | M24: 2.3416981e+09 | N24: 2.1548674e+09 | O24: 1.9871437e+09 | P24: 1.8360259e+09 | Q24: 1.6994164e+09 | R24: 1.5755443e+09 | S24: 1.4629046e+09 | T24: 1.3602107e+09
B25: Present Value of TV (F) | D25: =D24*G17 -> 1.7053246e+09 | K25: =K24+0.4% -> 0.012 | L25: 2.6050157e+09 | M25: 2.3894193e+09 | N25: 2.1969517e+09 | O25: 2.0244207e+09 | P25: 1.8691785e+09 | Q25: 1.7290113e+09 | R25: 1.6020546e+09 | S25: 1.4867282e+09 | T25: 1.381684e+09
K26: =K25+0.4% -> 0.016 | L26: 2.6616321e+09 | M26: 2.439012e+09 | N26: 2.2406093e+09 | O26: 2.063029e+09 | P26: 1.9034646e+09 | Q26: 1.7595765e+09 | R26: 1.6293999e+09 | S26: 1.5112737e+09 | T26: 1.4037842e+09
B27: DCF Value of Firm / Operating Business Enterprise Value (E + F) | D27: =D20+D25 -> 1.9518333e+09 | K27: =K26+0.4% -> 0.02 | L27: 2.7206323e+09 | M27: 2.4905884e+09 | N27: 2.28593e+09 | O27: 2.1030413e+09 | P27: 1.9389432e+09 | Q27: 1.7911605e+09 | R27: 1.6576202e+09 | S27: 1.5365744e+09 | T27: 1.4265392e+09
K28: =K27+0.4% -> 0.024 | L28: 2.7821701e+09 | M28: 2.54427e+09 | N28: 2.3330108e+09 | O28: 2.1445355e+09 | P28: 1.9756777e+09 | Q28: 1.8238151e+09 | R28: 1.6867583e+09 | S28: 1.5626658e+09 | T28: 1.4499786e+09
K29: =K28+0.4% -> 0.028 | L29: 2.846413e+09 | M29: 2.6001882e+09 | N29: 2.3819561e+09 | O29: 2.1875955e+09 | P29: 2.013736e+09 | Q29: 1.8575958e+09 | R29: 1.7168595e+09 | S29: 1.5895855e+09 | T29: 1.4741337e+09
K30: =K29+0.4% -> 0.032 | L30: 2.9135431e+09 | M30: 2.658486e+09 | N30: 2.4328791e+09 | O30: 2.2323117e+09 | P30: 2.0531909e+09 | Q30: 1.8925617e+09 | R30: 1.7479726e+09 | S30: 1.6173735e+09 | T30: 1.4990378e+09
K31: =K30+0.4% -> 0.036 | L31: 2.9837597e+09 | M31: 2.7193185e+09 | N31: 2.4859019e+09 | O31: 2.2787814e+09 | P31: 2.0941207e+09 | Q31: 1.9287765e+09 | R31: 1.7801494e+09 | S31: 1.6460727e+09 | T31: 1.5247262e+09

Sheet VC
B1: All figures in INR wherever applicable
A3: =WACC!C25 -> 45139 | B3: Valuation Date
A4: VC | B4: Valuation Approach
B6: Date of cash flows | C6: 1 | D6: =C6+1 -> 2 | E6: =D6+1 -> 3 | F6: =E6+1 -> 4 | G6: =F6+1 -> 5
B8: Investment required in INR | C8: =Summary!I19 -> 150000000
C9: 1 | D9: 2 | E9: 3 | F9: 4 | G9: 5
B10: Revenue | C10: ='Income Statement'!C4 -> 26235200 | D10: ='Income Statement'!D4 -> 229712800 | E10: ='Income Statement'!E4 -> 1008324000 | F10: ='Income Statement'!F4 -> 3284953200 | G10: ='Income Statement'!G4 -> 7778696000
B11: EBITDA | C11: ='Income Statement'!C15 -> -25354650 | D11: ='Income Statement'!D15 -> 62492300 | E11: ='Income Statement'!E15 -> 5.8987569e+08 | F11: ='Income Statement'!F15 -> 2222143204 | G11: ='Income Statement'!G15 -> 5.5030214e+09
B12: Net Income | C12: ='Income Statement'!C27 -> -26168334 | D12: ='Income Statement'!D27 -> 45671565 | E12: ='Income Statement'!E27 -> 4.406344e+08 | F12: ='Income Statement'!F27 -> 1.664114e+09 | G12: ='Income Statement'!G27 -> 4.1242505e+09
B14: Exit Year: | C14: 5
B16: Exit multiple
B17: Denominator | C17: Net Income
B18: Multiple | C18: 6
B19: Exit Value | C19: =IF(HLOOKUP(C14,C9:G12,MATCH(C17,B9:B12,0))*C18>0,HLOOKUP(C14,C9:G12,MATCH(C17,B9:B12,0))*C18,"error, please pick a positive denominator") -> 2.4745503e+10
A21: =WACC!F10 -> 0.24917497 | B21: Discount Rate
B23: Ownership stake
B24: Post-Money | C24: =C19/(1+A21)^C14 -> 8.1354188e+09
B25: Pre-Money | C25: =C24-C8 -> 7.9854188e+09 | D25: ="aka an "&C8&" on "&TEXT(C25,"0")&" round" -> aka an 150000000 on 7985418812 round
A26: s | B26: VC Ownership | C26: =C8/C24 -> 0.018437895
B28: Operating Business Enterprise Value as per VC | C28: =C25 -> 7.9854188e+09

Sheet WACC
B1: All figures in INR wherever applicable
B4: Weighted average cost of capital
B5: Particulars | C5: Weight | D5: Particulars | E5: Cost | F5: Value
B6: Debt (%) | C6: =1-C7 -> 0 | D6: Cost of debt (%) | E6: =H17 -> 0 | F6: =E6*C6 -> 0
B7: Equity (%) | C7: 1 | D7: Cost of equity (%) | E7: =D19 -> 0.15917497 | F7: =E7*C7 -> 0.15917497
B8: WACC | F8: =F6+F7 -> 0.15917497
B9: Specific company risk premium | F9: 0.09
B10: Adjusted WACC | F10: =F8+F9 -> 0.24917497
B11: Source: Calculation
B13: Cost of equity | F13: Cost of debt
B14: Particulars | C14: Notes | D14: Value | F14: Particulars | G14: Notes | H14: Value
B15: Risk-free rate (%) | D15: 0.06584 | F15: Debt borrowing rate (%)
B16: Unlevered equity beta | D16: 1 | F16: Expected income tax rate (%)
B17: Average market return | D17: =D28 -> 0.15917497 | F17: After-tax cost of debt (%)
B18: Equity risk premium | D18: =D17-D15 -> 0.093334973
B19: Levered Cost of equity (Rf+b(Rm-Rf) | D19: =D15+D18*D16 -> 0.15917497
B20: Source: Calculation | F20: Source: Calculation
B22: Market rate of return - Ascertainment
B23: Particulars | C23: Date | D23: Value
B24: Base value - Sensex | C24: 28946 | D24: 100
B25: Sensex value | C25: 45139 | D25: 66459.31
B26: No. of years | D26: =YEAR(C25)-YEAR(C24) -> 44
B27: Sensex multiple | D27: =D25/D24 -> 664.5931
B28: Average market return | D28: =(D27)^(1/D26)-1 -> 0.15917497
B29: Source: BSE website & Calculation

Sheet Summary
A1: All figures in INR wherever applicable
A2: Summary | B2: 1 | C2: =B2+1 -> 2 | D2: =C2+1 -> 3 | E2: =D2+1 -> 4 | F2: =E2+1 -> 5
A4: Traction ( In Crore) | B4: 1 | C4: =B4+1 -> 2 | D4: =C4+1 -> 3 | E4: =D4+1 -> 4 | F4: =E4+1 -> 5 | H4: Valuation Technique | I4: INR | J4: INR Crores
A5: Total Revenue | B5: ='Income Statement'!C4/10000000 -> 2.62352 | C5: ='Income Statement'!D4/10000000 -> 22.97128 | D5: ='Income Statement'!E4/10000000 -> 100.8324 | E5: ='Income Statement'!F4/10000000 -> 328.49532 | F5: ='Income Statement'!G4/10000000 -> 777.8696 | H5: DCF (Discounted Cash Flow) | I5: =DCF!D27 -> 1.9518333e+09 | J5: =I5/10000000 -> 195.18333
A6: EBITDA | B6: ='Income Statement'!C15/10000000 -> -2.535465 | C6: ='Income Statement'!D15/10000000 -> 6.24923 | D6: ='Income Statement'!E15/10000000 -> 58.987569 | E6: ='Income Statement'!F15/10000000 -> 222.21432 | F6: ='Income Statement'!G15/10000000 -> 550.30214
A7: PAT | B7: ='Income Statement'!C27/10000000 -> -2.6168334 | C7: ='Income Statement'!D27/10000000 -> 4.5671565 | D7: ='Income Statement'!E27/10000000 -> 44.06344 | E7: ='Income Statement'!F27/10000000 -> 166.4114 | F7: ='Income Statement'!G27/10000000 -> 412.42505
A9: Traction (%) | B9: 1 | C9: =B9+1 -> 2 | D9: =C9+1 -> 3 | E9: =D9+1 -> 4 | F9: =E9+1 -> 5 | H9: Ask Spread | I9: % Distribution
A10: Operating profit margin (%) | B10: ='Income Statement'!C20 -> -0.99745131 | C10: ='Income Statement'!D20 -> 0.26509372 | D10: ='Income Statement'!E20 -> 0.58266245 | E10: ='Income Statement'!F20 -> 0.67544912 | F10: ='Income Statement'!G20 -> 0.70693092
A11: PAT % | B11: ='Income Statement'!C28 -> -0.99745131 | C11: ='Income Statement'!D28 -> 0.19882029 | D11: ='Income Statement'!E28 -> 0.43699683 | E11: ='Income Statement'!F28 -> 0.50658684 | F11: ='Income Statement'!G28 -> 0.53019819
H12: Capex | I12: =J12/$I$19 -> 0.0668 | J12: =Capex!C7 -> 10020000
H13: Salary | I13: =J13/$I$19 -> 0.24346667 | J13: =Salary!C82 -> 36520000
H14: Marketing & Advertising | I14: =J14/$I$19 -> 0.0262352 | J14: =Cost!D17 -> 3935280
H15: Indirect expense | I15: =J15/$I$19 -> 0.073190467 | J15: =Cost!D20-Cost!D17 -> 10978570
H16: Other expense | I16: =J16/$I$19 -> 0.00104 | J16: =Cost!D25 -> 156000
H18: Ask Amount | I18: INR | J18: INR Crores
I19: 150000000 | J19: =I19/10000000 -> 15
H20: Pre-money dilution | I20: =I19/I5 -> 0.076850825
H21: Post-money dilution | I21: =I19/(I5+I19) -> 0.071366268

Sheet Plan
D5: Details | E5: Year 1 | F5: Year 2 | G5: Year 3 | H5: Year 4 | I5: Year 5
D6: No. of Branches | E6: 24 | F6: 60 | G6: 96 | H6: 144 | I6: 192
D7: Branch Capex | E7: =9206315.51580166/10000000 -> 0.92063155 | F7: =112634435.239626/10000000 -> 11.263444 | G7: =116301269.612345/10000000 -> 11.630127 | H7: =121016798.614827/10000000 -> 12.10168 | I7: =125036094.693719/10000000 -> 12.503609
D8: Branch Opex | E8: =15069850/10000000 -> 1.506985 | F8: =72014500/10000000 -> 7.20145 | G8: =274933505.833333/10000000 -> 27.493351 | H8: =855249016/10000000 -> 85.524902 | I8: =1993068687.1/10000000 -> 199.30687
D9: Interest rate | E9: =16395200/10000000 -> 1.63952 | F9: =168632800/10000000 -> 16.86328 | G9: =773864000/10000000 -> 77.3864 | H9: =2604779200/10000000 -> 260.47792 | I9: =6383252000/10000000 -> 638.3252
D10: Processing fee | E10: =3936000/10000000 -> 0.3936 | F10: =24432000/10000000 -> 2.4432 | G10: =93784000/10000000 -> 9.3784 | H10: =272069600/10000000 -> 27.20696 | I10: =558177600/10000000 -> 55.81776
D11: Insurance Processing fee | E11: =5904000/10000000 -> 0.5904 | F11: =36648000/10000000 -> 3.6648 | G11: =140676000/10000000 -> 14.0676 | H11: =408104400/10000000 -> 40.81044 | I11: =837266400/10000000 -> 83.72664
D12: Loan Disb. Own Funds | E12: 16.8 | F12: 42 | G12: 67.2 | H12: 100.8 | I12: 134.4
